 Dungeon Crawl Stone Soup version 0.22-a0-379-ga9d99d6 (webtiles) character file.

27076485 4thArraOfDagon the Corrupter of Planes (level 27, 164/323 HPs)
             Began as an Ogre Earth Elementalist on Apr 27, 2018.
             Was the Champion of Lugonu.
             Escaped with the Orb
             ... and 15 runes on Apr 28, 2018!
             The game lasted 07:29:44 (55936 turns).

4thArraOfDagon the Corrupter of Planes (OgEE)      Turns: 55936, Time: 07:29:45

Health: 164/323    AC:  7    Str: 24    XL:     27
Magic:  85/87      EV: 24    Int: 41    God:    Lugonu [******]
Gold:   1181       SH: 28    Dex:  9    Spells: 4/80 levels left

rFire    + + .     SeeInvis +   x - staff of power {!a}
rCold    + . .     Gourm    .   R - +8 large shield {rC+}
rNeg     . . .     Faith    .   t - +2 robe of Ennui {rElec rCorr MP+9 Int+3}
rPois    +         Spirit   .   T - +2 hat of Hospitality {rPois Regen+ MP+9}
rElec    +         Reflect  .   r - scarf {rC+ rF+}
rCorr    +         Harm     .   (gloves unavailable)
MR       +++..                  (boots unavailable)
Stlth    +.........             k - amulet of magic regeneration
HPRegen  2.43/turn              U - ring "Piomets" {Fire MR- Str+2 Int+5}
MPRegen  0.75/turn              y - ring "Soxuw" {Str+2 Int+8}

@: regenerating, studying Unarmed Combat
A: large, unfitting armour, fangs 1, repulsion field 1, camouflage 1, see
invisible, magic resistance 2, regeneration 1, tough skin 1
0: Orb of Zot
}: 15/15 runes: serpentine, barnacled, slimy, silver, golden, iron, obsidian,
icy, bone, abyssal, demonic, glowing, magical, fiery, dark
a: Depart the Abyss, Bend Space, Banish, Corrupt, Enter the Abyss, Brand Weapon
With Distortion, Renounce Religion


You escaped.
You worshipped Lugonu.
Lugonu was exalted by your worship.
You were full.

You visited 18 branches of the dungeon, and saw 90 of its levels.
You visited Pandemonium 1 time, and saw 14 of its levels.
You visited the Abyss 12 times.
You visited 1 bazaar.
You visited 3 ziggurats (completing 2), and saw 77 of their levels.
You also visited: Ossuary and Ice Cave.

You collected 6251 gold pieces.
You spent 5070 gold pieces at shops.

Inventory:

Hand Weapons
 w - the +9 staff of Wucad Mu {channel}
   (You found it on level 17 of a ziggurat)
Missiles
 a - 9 throwing nets (quivered)
 K - 79 large rocks
Armour
 r - a scarf of resistance (worn)
 t - the +2 robe of Ennui (worn) {rElec rCorr MP+9 Int+3}
   (You found it on level 3 of the Tomb of the Ancients)

   It affects your intelligence (+3).
   It insulates you from electricity.
   It affects your magic capacity (+9).
   It protects you from acid and corrosion.
 R - a +8 large shield of cold resistance (worn)
 T - the +2 hat of Hospitality (worn) {rPois Regen+ MP+9}
   (You acquired it on level 2 of the Orcish Mines)

   It protects you from poison.
   It affects your magic capacity (+9).
   It increases your rate of regeneration.
Magical Staves
 x - an uncursed staff of power (weapon) {!a}
Jewellery
 k - an amulet of magic regeneration (around neck)
 s - the ring of the Hart {rCorr Dex+2 Slay+3}
   (You found it on level 9 of a ziggurat)

   [ring of resist corrosion]

   It affects your dexterity (+2).
   It affects your accuracy and damage with ranged weapons and melee attacks
   (+3).
 y - the ring "Soxuw" (right hand) {Str+2 Int+8}
   (You found it on level 22 of a ziggurat)

   [ring of strength]

   It affects your strength (+2).
   It affects your intelligence (+8).
 U - the ring "Piomets" (left hand) {Fire MR- Str+2 Int+5}
   (You found it on level 13 of a ziggurat)

   [ring of fire]

   It enhances your fire magic.
   It affects your strength (+2).
   It affects your intelligence (+5).
   It protects you from fire.
   It makes you vulnerable to cold.
   It affects your resistance to hostile enchantments.
 V - the ring of the Philosopher {rElec rF+ rC- rN++ MP+9}
   (You found it on level 14 of a ziggurat)

   [ring of magical power]

   It protects you from fire.
   It makes you vulnerable to cold.
   It insulates you from electricity.
   It greatly protects you from negative energy.
   It affects your magic capacity (+9).
 W - an uncursed ring of see invisible
 X - the ring "Atis" {Wiz Int+4}
   (You found it on level 24 of a ziggurat)

   [ring of wizardry]

   It improves your spell success rate.
   It affects your intelligence (+4).
Wands
 b - a wand of iceblast (58)
 f - a wand of digging (23)
 I - a wand of acid (52)
 M - a wand of clouds (14)
Scrolls
 g - 45 scrolls of remove curse
 i - 4 scrolls of fear
 n - 16 scrolls of blinking
 o - 54 scrolls of teleportation
 q - 7 scrolls of immolation
 G - 6 scrolls of magic mapping
 N - 17 scrolls of holy word
 O - 15 scrolls of amnesia
 Y - 32 scrolls of fog
Potions
 e - 3 potions of haste
 h - 22 potions of heal wounds
 l - 4 potions of cancellation
 m - 34 potions of mutation
 u - 19 potions of curing
 v - 5 potions of might
 z - 4 potions of ambrosia
 A - 8 potions of agility
 B - 11 potions of invisibility
 D - 11 potions of flight
 E - 8 potions of berserk rage
 F - 2 potions of resistance
 P - a potion of magic
 Q - 5 potions of brilliance
Books
 Z - a manual of Unarmed Combat
Miscellaneous
 c - 15 sacks of spiders
 p - a lightning rod (4/4)
 C - 6 boxes of beasts
 H - a fan of gales
 J - a lamp of fire
 S - 6 phantom mirrors
Comestibles
 d - 66 rations


   Skills:
 O Level 27 Fighting
 - Level 4.0 Armour
 O Level 27 Dodging
 - Level 1.4 Stealth
 - Level 15.0 Shields
 - Level 20.0 Unarmed Combat
 O Level 27 Spellcasting
 O Level 27 Conjurations
 - Level 15.6 Necromancy
 - Level 19.1 Translocations
 - Level 7.4 Transmutations
 * Level 22.9 Fire Magic
 * Level 23.4 Ice Magic
 - Level 22.0 Air Magic
 - Level 23.0 Earth Magic
 O Level 27 Invocations
 O Level 27 Evocations


You had 4 spell levels left.
You knew the following spells:

 Your Spells              Type           Power        Failure   Level  Hunger
a - Shatter               Erth           ########..   2%          9    None
b - Glaciate              Conj/Ice       ########..   1%          9    None
c - Deflect Missiles      Chrm/Air       #######...   1%          6    None
d - Statue Form           Tmut/Erth      ########.    1%          6    None
e - Regeneration          Chrm/Necr      #######...   1%          3    None
f - Fire Storm            Conj/Fire      #########.   1%          9    None
g - Iron Shot             Conj/Erth      ########..   0%          6    None
h - Apportation           Tloc           ######       0%          1    None
i - Sublimation of Blood  Necr           ########..   0%          2    None
j - Tornado               Air            ########..   3%          9    None
k - Ignition              Fire           #########.   1%          8    None
m - Controlled Blink      Tloc           N/A          1%          8    None


Dungeon Overview and Level Annotations

Branches:
Dungeon (15/15)            Temple (1/1) D:5            Lair (6/6) D:10
 Shoals (4/4) Lair:2        Snake (4/4) Lair:2        Slime (5/5) Lair:5
    Orc (2/2) D:9             Elf (3/3) Orc:2        Vaults (5/5) D:14
  Crypt (3/3) Vaults:3       Tomb (3/3) Crypt:3      Depths (5/5) D:15
   Hell (1/1)                 Dis (7/7) Hell            Geh (7/7) Hell
    Coc (7/7) Hell            Tar (7/7) Hell            Zot (5/5) Depths:5

Altars:
Ashenzari
Cheibriados
Dithmenos
Elyvilon
Fedhas
Gozag
Hepliaklqana
Kikubaaqudgha
Makhleb
Nemelex Xobeh
Okawaru
Qazlal
Ru
Sif Muna
Trog
Uskayaw
Vehumet
Wu Jian
Xom
Yredelemnul
Zin
The Shining One
Beogh
Jiyva
Lugonu

Shops:
D:10 *   D:12 %   Orc:2 ?([=*   Elf:1 :   Elf:2 *:*}   Shoals:2 [   Shoals:3 *
Snake:3 :   Vaults:5 [[

Portals:
Hell: Lair:6 Depths:2 Depths:3
Abyss: Depths:2 Depths:4 Depths:5
Pandemonium: Depths:3

Annotations:
D:10 Snorg
D:13 1 transporter


Innate Abilities, Weirdness & Mutations

You are too large for most types of armour.
You have tough skin. (AC +1)
You have very sharp teeth.
You are surrounded by a mild repulsion field. (EV +2)
Your skin changes colour to match your surroundings (Stealth+).
You have supernaturally acute eyesight. (SInv)
You are highly resistant to hostile enchantments. (MR++)
Your natural rate of healing is unusually fast.


Message History

Confirm with . or Enter, or press ? or * to list all spells.
You draw magical energy from your own body!
Unknown command.
Casting: Sublimation of Blood (safe; 0% risk of failure)
Confirm with . or Enter, or press ? or * to list all spells.
You draw magical energy from your own body!
Unknown command.
Casting: Sublimation of Blood (safe; 0% risk of failure)
Confirm with . or Enter, or press ? or * to list all spells.
You draw magical energy from your own body!
Unknown command.
Casting: Sublimation of Blood (safe; 0% risk of failure)
Confirm with . or Enter, or press ? or * to list all spells.
You draw magical energy from your own body!
Unknown command.
Casting: Sublimation of Blood (safe; 0% risk of failure)
Confirm with . or Enter, or press ? or * to list all spells.
Your skin crawls.
Okay, then.
You have escaped!

##............v......>.#
#...............§.v..#'##
...)................§.....
..............)...v.#.....
##............)......#.....
#.#..................#.....
#.........).)....).......##
#.....................####
#.........@......).)..#
#....................####
#.........≈.............###
#........≈≈≈.........##.#..
#.........≈..........##.#.#
#........≈≈≈............#.#
#######.........≈........#.####.#
........................##)#..#.#
#######.#...##...##.#.## #.#..#.#


There were no monsters in sight!

Vanquished Creatures
  Cerebov (Pan)
  Antaeus (Coc:7)
  Asmodeus (Geh:7)
  the Royal Jelly (Slime:5)
  Gloorx Vloq (Pan)
  Mnoleg (Pan)
  the Serpent of Hell (Coc:7)
  42 pandemonium lords
  Dispater (Dis:7)
  23 ancient liches
  Mennas (Vaults:3)
  Mara (Depths:2)
  The ghost of sankara the Metallomancer, a legendary GrEE of Vehumet (Hell)
  34 juggernauts
  9 orbs of fire
  52 greater mummies
  The ghost of 4thArraOfDagon the Sorcerer, a legendary SpFE of Vehumet (Zig:18)
  Sojobo (Depths:3)
  Frederick (Vaults:3)
  The ghost of Thaneod the Conqueror, a legendary VSFi of the Shining One (Vaults:3)
  8 shard shrikes
  Boris (twice) (Depths:3 Crypt:2)
  Margery (Depths:3)
  Xtahua (Vaults:5)
  20 Killer Klowns
  A curse toe (Zot:4)
  Bai Suzhen (Crypt:1)
  18 caustic shrikes
  Geryon (Hell)
  55 golden dragons
  17 bone dragons
  Nikola (Snake:2)
  5 profane servitors
  Jory (Vaults:2)
  19 Tzitzimimeh
  15 Brimstone Fiends
  5 electric golems
  10 doom hounds
  30 iron giants
  15 Hell Sentinels
  15 hellephants
  45 tentacled monstrosities
  14 Ice Fiends
  Asterion (Depths:3)
  Rupert (D:12)
  A quicksilver dragon (shapeshifter) (Zig:27)
  8 deep elf blademasters
  41 Orb Guardians
  20 titans
  16 liches
  15 sphinxes
  11 quicksilver dragons
  31 acid blobs
  An acid blob (shapeshifter) (Vaults:5)
  13 deep elf master archers
  16 tentacled starspawn
  4 eldritch tentacles
  24 ancient champions
  5 death cobs
  27 Executioners
  A kraken (Shoals:1)
  21 storm dragons
  Kirke (Snake:2)
  A shadow dragon (shapeshifter) (Zig:27)
  2 sphinxes (shapeshifter) (Zig:27)
  6 thorn hunters
  41 shadow dragons
  13 draconian monks
  29 fire giants
  14 azure jellies
  Ilsuiw (Shoals:4)
  9 tengu reavers
  3 fire giants (shapeshifter)
  10 revenants
  34 nagarajas
  20 orc warlords
  7 emperor scorpions
  11 deep elf sorcerers
  17 iron dragons
  Louise (Snake:1)
  21 draconian knights
  Aizul (Snake:1)
  39 balrugs
  16 draconian scorchers
  20 ghost moths
  7 warmongers
  21 vault wardens
  5 curse skulls
  5 juggernaut zombies
  4 caustic shrike zombies
  26 frost giants
  An emperor scorpion (shapeshifter) (Zig:13)
  7 deep elf elementalists
  A spectral juggernaut (Zig:24)
  18 cacodemons
  8 draconian shifters
  An angel (Abyss:1)
  75 reapers
  2 caustic shrike skeletons (Zig:21)
  13 war gargoyles
  2 elemental wellsprings (Coc:7)
  40 very ugly things
  24 ironheart preservers
  62 stone giants
  13 draconian stormcallers
  5 spriggan defenders
  3 ghouls (Crypt:2)
  16 vampire knights
  8 corrupters
  21 bennus
  23 entropy weavers
  8 blood saints
  13 draconian annihilators
  17 dire elephants
  A stone giant (shapeshifter) (Zig:27)
  Azrael (Elf:1)
  13 lorocyprocas
  15 deep elf demonologists
  14 yellow draconians
  A dire elephant (shapeshifter) (Zig:27)
  8 spark wasps
  16 deep elf annihilators
  11 green draconians
  20 white draconians
  15 red draconians
  11 black suns
  16 black draconians
  23 purple draconians
  18 ettins
  The ghost of 4thArraOfDagon the Geomancer, a journeyman OgEE of Sif Muna (D:9)
  21 blizzard demons
  6 merfolk impalers
  12 eidola
  8 quicksilver dragon zombies
  10 jiangshi
  12 deep elf death magi
  30 yaktaur captains
  58 green deaths
  12 merfolk javelineers
  13 deep elf high priests
  8 fire dragons
  3 crystal guardians
  6 quicksilver dragon skeletons
  5 death oozes
  37 mummy priests
  19 great orbs of eyes
  5 ghost crabs
  25 ice dragons
  31 vault guards
  19 naga warriors
  17 rakshasas
  3 monstrous demonspawn
  A spectral sphinx (Zig:24)
  2 merfolk avatars
  11 spriggan air magi
  91 hydras
  An alligator snapping turtle (Shoals:4)
  5 hell beasts
  3 merfolk aquamancers
  A hydra (shapeshifter) (Depths:5)
  An anaconda (shapeshifter) (Zig:20)
  12 catoblepae
  10 death knights
  20 centaur warriors
  A two-headed ogre (shapeshifter) (Zig:25)
  19 anacondas
  42 two-headed ogres
  12 satyrs
  11 alligators
  48 death scarabs
  10 deep troll shamans
  17 ogre magi
  20 hell hogs
  3 tengu warriors
  18 deep troll earth magi
  15 death yaks
  A queen ant (shapeshifter) (Vaults:3)
  15 vampire magi
  23 orc high priests
  50 dancing weapons
  30 naga sharpshooters
  8 spriggan berserkers
  17 titan zombies
  7 iron golems
  12 thrashing horrors
  2 shock serpents (shapeshifter)
  3 titan skeletons
  22 shock serpents
  4 storm dragon zombies
  14 wretched stars
  Sonja (D:12)
  Urug (Lair:4)
  61 sun demons
  13 spatial maelstroms
  56 soul eaters
  25 sixfirhies
  19 shadow wraiths
  A spectral elf (Zig:24)
  34 deep elf knights
  27 shadow demons
  78 skeletal warriors
  33 death drakes
  27 iron trolls
  A fire crab (Zig:21)
  A fire crab (shapeshifter) (Vaults:3)
  4 storm dragon skeletons
  6 gelid demonspawn
  5 salamander mystics
  18 spriggan druids
  2 unseen horrors
  50 hell knights
  2 sea snakes (shapeshifter)
  6 torturous demonspawn (Pan)
  44 swamp dragons
  A deep troll (shapeshifter) (D:15)
  13 wizards
  5 infernal demonspawn (Pan)
  An orange crystal statue (Depths:1)
  25 flayed ghosts
  35 deep trolls
  11 sea snakes
  7 golden dragon zombies
  An obsidian statue (Zig:5)
  10 anaconda zombies
  A spectral iron dragon (Zig:24)
  5 shadow dragon zombies
  20 naga ritualists
  21 shambling mangroves
  19 deep elf archers
  9 glowing orange brains
  3 anaconda skeletons
  25 phantasmal warriors
  6 wolf spider zombies
  5 golden dragon skeletons
  13 mana vipers
  15 ironbrand convokers
  Pikel (D:8)
  66 large abominations
  17 necromancers
  2 sphinx zombies (Zig:18)
  94 deep elf magi
  A glowing shapeshifter (Zig:27)
  4 oklob plants
  10 harpies
  13 orc sorcerers
  5 tengu skeletons
  8 shadow dragon skeletons
  16 wolf spiders
  22 orc knights
  A shining eye (shapeshifter) (Vaults:5)
  A mana viper (shapeshifter) (Zig:27)
  An orb spider (shapeshifter) (Zig:27)
  41 ugly things
  A wolf spider (shapeshifter) (Zig:20)
  22 orb spiders
  12 iron dragon zombies
  2 manticores (shapeshifter)
  10 manticores
  28 fauns
  5 fire giant zombies
  13 salamanders
  22 cyclopes
  A salamander (shapeshifter) (Vaults:3)
  4 shining eyes
  5 stone giant zombies
  2 iron dragon skeletons
  6 sphinx skeletons
  5 frost giant zombies
  32 moths of wrath
  4 worldbinders
  3 fire giant skeletons
  10 elephants
  16 guardian serpents
  A cyclops (shapeshifter) (Vaults:5)
  8 human skeletons (Vaults:3)
  2 elephants (shapeshifter)
  6 spriggan zombies
  A shock serpent zombie (Dis:7)
  3 frost giant skeletons
  67 black mambas
  10 merfolk sirens
  3 molten gargoyles (Geh:7)
  2 dire elephant zombies (Dis:7)
  31 naga magi
  12 apocalypse crabs
  18 vault sentinels
  3 water nymphs
  29 rust devils
  3 stone giant skeletons
  2 ice statues (IceCv)
  A titan simulacrum (Coc:7)
  A guardian serpent (shapeshifter) (Zig:20)
  4 eyes of devastation
  22 orange demons
  41 smoke demons
  2 shock serpent skeletons
  51 spiny frogs
  A centaur skeleton (D:14)
  2 emperor scorpion zombies (Dis:7)
  14 gargoyles
  2 rime drakes (shapeshifter)
  A spriggan skeleton (Zig:21)
  15 torpor snails
  9 rime drakes
  21 hellions
  15 komodo dragons
  3 dire elephant skeletons
  45 ice devils
  36 tormentors
  A death yak skeleton (Crypt:2)
  A komodo dragon (shapeshifter) (D:15)
  26 hellwings
  67 yaktaurs
  A yaktaur (shapeshifter) (Zig:27)
  14 ancient zymes
  4 efreet
  4 anaconda simulacra
  9 kobold demonologists
  5 tengu conjurers
  23 freezing wraiths
  83 guardian mummies
  2 yaktaur skeletons (Vaults:3)
  33 red devils
  23 demonic crawlers
  2 silent spectres (Tar:7)
  A catoblepas skeleton (Crypt:3)
  3 harpy zombies
  26 jumping spiders
  15 trolls
  4 hydra zombies
  A meliai (shapeshifter) (Zig:8)
  A polar bear (shapeshifter) (Elf:2)
  A green draconian skeleton (Coc:7)
  30 merfolk
  51 hornets
  5 polar bears
  4 harpy skeletons
  A wind drake (shapeshifter) (Zig:27)
  4 wind drakes
  5 hydra skeletons
  22 tyrant leeches
  5 ettin zombies
  2 sphinx simulacra
  7 dream sheep
  124 slime creatures
  21 blink frogs
  7 alligator zombies
  14 bog bodies
  15 raiju
  2 raiju (shapeshifter)
  11 snapping turtles
  A tengu simulacrum (Vaults:3)
  27 hippogriffs
  A hippogriff (shapeshifter) (Zig:27)
  3 ice dragon zombies
  4 fire dragon zombies
  3 alligator skeletons
  23 small abominations
  81 flying skulls
  12 air elementals
  5 ettin skeletons
  15 ynoxinuls
  11 redbacks
  11 spriggans
  17 water elementals
  21 tarantellas
  39 yaks
  A yak (shapeshifter) (Zig:25)
  A vampire (D:14)
  5 ice dragon skeletons
  31 wraiths
  26 shadows
  2 fire dragon skeletons
  4 hogs (Snake:2)
  A basilisk (shapeshifter) (Elf:3)
  A fire bat (shapeshifter) (Depths:1)
  A fire bat (Zig:22)
  A black mamba skeleton (Geh:3)
  A human (shapeshifter) (D:15)
  35 ushabtiu
  6 wyverns
  31 fire elementals
  8 golden eyes
  9 hungry ghosts
  24 chaos spawn
  A steam dragon (Lair:4)
  7 basilisks
  2 elf simulacra
  21 vampire mosquitoes
  16 neqoxecs
  22 spatial vortices
  27 wargs
  67 nagas
  8 insubstantial wisps
  2 hydra simulacra
  An orb spider zombie (Crypt:2)
  A soldier ant (shapeshifter) (Vaults:5)
  2 swamp worms (shapeshifter) (Depths:4)
  5 acid dragons
  2 floating eyes
  50 hell hounds
  7 porcupines
  29 water moccasins
  19 swamp drakes
  A spiny frog skeleton (Crypt:3)
  70 orc warriors
  5 spiny frog zombies
  7 ice beasts
  3 sky beasts
  2 snapping turtle zombies
  7 phantoms
  An elephant zombie (Crypt:2)
  A slave (D:8)
  A black bear (D:9)
  16 elf zombies
  48 ogres
  A black bear (shapeshifter) (Abyss:3)
  5 swamp dragon zombies
  3 ettin simulacra
  14 necrophages
  13 wolves
  12 eyes of draining
  A fire dragon simulacrum (Hell)
  25 boggarts
  A snapping turtle skeleton (Pan)
  43 crocodiles
  12 centaurs
  7 big kobolds
  A swamp dragon skeleton (Crypt:1)
  A manticore skeleton (Geh:3)
  A rime drake zombie (Crypt:1)
  2 big kobolds (shapeshifter)
  Blork the orc (Orc:2)
  A draconian zombie (Crypt:2)
  A gnoll sergeant (D:11)
  16 bullfrogs
  7 elf skeletons
  A wyvern zombie (D:14)
  14 earth elementals
  A spiny frog simulacrum (Hell)
  2 wyvern skeletons
  5 scorpions
  2 human simulacra (Vaults:4)
  13 killer bees
  4 howler monkeys
  A troll skeleton (Crypt:2)
  23 wights
  2 electric eels
  24 crimson imps
  3 centaur zombies
  66 starcursed masses
  5 quasits
  5 hounds
  2 jellies
  42 orc priests
  52 orc wizards
  A gnoll shaman (D:6)
  24 iron imps
  Natasha (D:2)
  A bullfrog skeleton (D:5)
  3 human zombies
  5 iguanas
  12 hell rats (Hell)
  A spriggan simulacrum (Crypt:1)
  A lightning spire (Zig:14)
  7 worker ants
  A killer bee zombie (Crypt:2)
  2 big kobold zombies (Ossuary)
  The ghost of 4thArraOfDagon the Digger, a weakling OgEE (D:5)
  A felid skeleton (Crypt:1)
  An acid dragon skeleton (Crypt:1)
  A big kobold skeleton (Crypt:1)
  3 hound zombies
  3 hound skeletons
  115 mummies
  9 gnolls
  14 adders
  10 shadow imps
  31 white imps
  9 ufetubi
  2 adder zombies (Ossuary)
  2 adder skeletons
  2 ball lightnings (Pan)
  2 dart slugs
  8 leopard geckos
  96 orcs
  5 giant cockroaches
  8 goblins
  12 hobgoblins
  4 jackals
  5 quokkas
  3 ball pythons
  A ball python skeleton (Crypt:1)
  5 bats
  3 frilled lizards
  A goblin skeleton (Crypt:1)
  A hobgoblin zombie (Ossuary)
  A jackal skeleton (D:6)
  14 kobolds
  2 kobold zombies
  2 leopard gecko skeletons (D:5)
  A leopard gecko zombie (D:7)
  An orc skeleton (Geh:3)
  A quokka skeleton (D:4)
  A quokka zombie (D:5)
  2 rats
  3 rat zombies (Ossuary)
  19 blocks of ice
  48 briar patches
  8 bushes (Zig:18)
  A crawling corpse (Vaults:5)
  169 fire vortices
  A fungus (Lair:6)
  A plant (Shoals:4)
  8 starspawn tentacles
  5 tentacles
  6 withered plants (Crypt:3)
7122 creatures vanquished.

Vanquished Creatures (collateral kills)
  2 pandemonium lords (Zig:27)
  A ghost moth (Zig:24)
  An alligator snapping turtle (shapeshifter) (Zig:27)
  An orb spider (Zig:24)
  An ugly thing (Zig:27)
  An apocalypse crab (Zig:27)
  A redback (Zig:24)
  A tarantella (Zig:24)
9 creatures vanquished.

Vanquished Creatures (others)
  6 pandemonium lords
  A Killer Klown (Zig:27)
  A deep elf blademaster (Zig:19)
  An Ice Fiend (Zig:27)
  An eldritch tentacle (Zig:27)
  A quicksilver dragon (shapeshifter) (Zig:27)
  A deep elf master archer (Zig:19)
  2 storm dragons
  A frost giant (Depths:4)
  A draconian knight (Zot:1)
  A fire giant (Geh:7)
  A cacodemon (Pan)
  A balrug (Hell)
  A very ugly thing (Zig:27)
  A draconian annihilator (Pan)
  2 elemental wellsprings (Coc:7)
  A bennu (Tomb:3)
  A reaper (IceCv)
  A stone giant (shapeshifter) (Zig:27)
  A lorocyproca (Depths:3)
  A blizzard demon (Pan)
  A great orb of eyes (shapeshifter) (Zig:27)
  A deep elf high priest (Zig:18)
  A catoblepas (shapeshifter) (Zig:27)
  A spriggan air mage (Pan)
  A two-headed ogre (D:13)
  22 death scarabs
  An alligator (Zig:15)
  A titan zombie (Coc:7)
  A hell hog (Geh:3)
  A soul eater (Pan)
  A shadow wraith (Vaults:2)
  A swamp dragon (Zig:23)
  A death drake (Zig:17)
  An infernal demonspawn (Pan)
  2 shadow demons (Pan)
  A shambling mangrove (Zig:17)
  A wolf spider (D:13)
  A mana viper (shapeshifter) (Zig:27)
  A smoke demon (Pan)
  An apocalypse crab (Zig:27)
  An orange demon (Pan)
  An ice devil (Pan)
  A hornet (Zig:17)
  A hippogriff (shapeshifter) (Zig:27)
  A frost giant simulacrum (Abyss:3)
  A ynoxinul (Pan)
  A steam dragon (Zig:9)
  A chaos spawn (Zig:27)
  11 neqoxecs
  An insubstantial wisp (Zig:13)
  2 acid dragons
  A water moccasin (Zig:12)
  3 slaves (D:8)
  3 swamp drakes
  An alligator simulacrum (Tomb:2)
  An eye of draining (shapeshifter) (Zig:27)
  An ogre (Vaults:4)
  A wight (Geh:1)
  2 orc wizards
  A bullfrog skeleton (D:8)
  A worker ant (D:8)
  2 mummies (Tomb:2)
  5 white imps (IceCv)
  3 ufetubi (IceCv)
  7 ball lightnings (Pan)
  2 orcs
  3 blocks of ice
  192 fire vortices
  5 fungi (Lair:6)
  68 plants
  49 starspawn tentacles
  4 tentacles (Shoals:1)
  26 withered plants (Crypt:3)
473 creatures vanquished.

Grand Total: 7604 creatures vanquished

Notes
Turn   | Place    | Note
-------+----------+-------------------------------------------
     0 | D:1      | 4thArraOfDagon the Ogre Earth Elementalist began the quest for the Orb.
     0 | D:1      | Reached XP level 1. HP: 16/16 MP: 3/3
   152 | D:1      | Reached XP level 2. HP: 24/24 MP: 3/5
   228 | D:3      | Found a glowing silver altar of Zin.
   307 | D:4      | Noticed an ogre
   342 | D:4      | Killed an ogre
   342 | D:4      | Reached XP level 3. HP: 4/31 MP: 0/8
   342 | D:4      | Reached XP level 4. HP: 5/39 MP: 0/9
   473 | D:4      | Found a bloodstained altar of Trog.
   541 | D:4      | Found an iron altar of Okawaru.
   655 | D:5      | Entered Level 5 of the Dungeon
   692 | D:5      | Reached XP level 5. HP: 20/45 MP: 7/10
   701 | D:5      | Learned a level 5 spell: Lee's Rapid Deconstruction
   823 | D:5      | Found a staircase to the Ecumenical Temple.
   829 | Temple   | Entered the Ecumenical Temple
   846 | Temple   | Vajrapani: ooo, lugonu temple
   846 | Temple   | Vajrapani: tempting
   848 | Temple   | 4thArraOfDagon: yes, very!
   854 | Temple   | Became a worshipper of Lugonu the Unformed
   854 | Temple   | Reached * piety under Lugonu
   885 | D:5      | Noticed 4thArraOfDagon's ghost (weakling OgEE)
   967 | D:4      | Found a sacrificial altar of Ru.
  1068 | D:4      | Found a shattered altar of Ashenzari.
  1197 | D:4      | Found a burning altar of Makhleb.
  1200 | D:4      | Reached skill level 5 in Earth Magic
  1243 | D:4      | Reached XP level 6. HP: 38/53 MP: 9/12
  1579 | D:3      | Found an ancient bone altar of Kikubaaqudgha.
  1584 | D:3      | Found a deep blue altar of Sif Muna.
  1602 | D:3      | Found a blossoming altar of Fedhas.
  1665 | D:2      | Found a shimmering altar of Xom.
  1732 | D:2      | Noticed Natasha
  1828 | D:1      | Reached ** piety under Lugonu
  2598 | D:2      | Found a faded altar of an unknown god.
  2956 | D:2      | Killed Natasha
  3255 | D:3      | Found a deep blue altar of Sif Muna.
  3305 | D:3      | Reached skill level 1 in Invocations
  3312 | D:3      | Reached XP level 7. HP: 56/61 MP: 14/14
  3393 | D:3      | Found a radiant altar of Vehumet.
  3396 | D:3      | Identified Vehumet's Catalogue of Conjuration
  3494 | D:5      | Reached skill level 1 in Fighting
  3494 | D:5      | Reached skill level 5 in Spellcasting
  3746 | D:5      | HP: 4/97 [killer bee (3)]
  3753 | D:5      | Reached XP level 8. HP: 7/74 MP: 0/16
  4058 | D:5      | Reached *** piety under Lugonu
  4071 | D:5      | Killed 4thArraOfDagon's ghost
  4748 | D:7      | Reached skill level 5 in Fighting
  4748 | D:7      | Reached XP level 9. HP: 27/88 MP: 7/18
  4878 | D:7      | Found a sand-covered staircase.
  4884 | Ossuary  | Entered an ossuary
  4988 | Ossuary  | Reached **** piety under Lugonu
  5226 | D:7      | 4thArraOfDagon: ??jaggernaut
  5226 | D:7      | beem: jaggernaut ~ juggernaut[1/1]: They hit extremely hard (120 max damage!) and have very high AC and HP. They also move fast. However, they swing very slowly. Make the most of the time you get after a swing.
  5226 | D:7      | 4thArraOfDagon: %?? jaggernaut
  5226 | D:7      | beem: unknown monster: "jaggernaut"
  5226 | D:7      | 4thArraOfDagon: %%? jaggernaut
  5226 | D:7      | 4thArraOfDagon: %?? juggernaut
  5226 | D:7      | beem: juggernaut (C)
                  | Spd: 15 (atk: 450%)
                  | HD: 20
                  | HP: 148-197
                  | AC/EV: 20/5
                  | Dam: 80, 40
                  | doors, fighter, see invisible
                  | Res: magic(120), drown
                  | XP:
  7249 | Sz: Giant | Int: human.
  5253 | D:7      | Found an ornate altar of the Wu Jian Council.
  5397 | D:7      | 4thArraOfDagon: %?? titanic slime
  5397 | D:7      | beem: unknown monster: "titanic slime"
  5397 | D:7      | 4thArraOfDagon: %?? titanic
  5397 | D:7      | beem: unknown monster: "titanic"
  5417 | D:7      | Thaneod: ?? slime
  5420 | D:7      | beem: slime pits[1/2]: Accessed from the Lair somewhere on levels 5 or 6 (on Lair:6-8 in 0.18 and earlier). Five levels deep (six in 0.18 and earlier), with a rune in the loot vault at the bottom, surrounded by stone (vulnerable to LRD/shatter but not passwall/digging) walls. Killing the royal jelly turns the walls into diggable glass. The {slime wall}s hurt to touch!
  5438 | D:7      | Thaneod: ?? titanic slime
  5443 | D:7      | beem: titanic slime creature[1/1]: Deal up to 110 damage a swing in melee. You will die.
  5459 | D:7      | 4thArraOfDagon: %??titanic slime creature
  5459 | D:7      | beem: titanic slime creature (J)
                  | Spd:
    10 | HD: 11   | HP: 230-350
                  | AC/EV: 1/4
                  | Dam: 110
                  | amphibious, regen, unbreathing
                  | Res: magic(40), poison, drown
                  | XP:
  1320 | Sz: Giant | Int: brainless.
  5691 | D:8      | Found a hazy altar of Hepliaklqana.
  5782 | D:8      | Noticed Pikel
  5791 | D:8      | Reached skill level 5 in Invocations
  5805 | D:8      | Killed Pikel
  5817 | D:8      | Thaneod: ?? wand of acid
  5817 | D:8      | beem: corrosive bolt[1/1]: Monster spell that fires a bolt of acid. Does about 3/4 as much damage as elemental bolts (fire, cold) but causes {corrosion}.
  5840 | D:8      | Thaneod: ?? bolt of acid
  5846 | D:8      | beem: corrosive bolt[1/1]: Monster spell that fires a bolt of acid. Does about 3/4 as much damage as elemental bolts (fire, cold) but causes {corrosion}.
  5925 | D:8      | Thaneod: ?? fire bolt
  5926 | D:8      | beem: I don't have a page labeled fire_bolt in my learndb.
  5930 | D:8      | Thaneod: ?? bolf of fire
  5931 | D:8      | beem: bolf of fire ~ bolt of fire[1/1]: A level 6 conj/fire penetrating beam attack that can hit multiple opponents in a line for pure fire damage. Does six dice with a maximum total damage of (18 + (power * 2) / 3). At power 50 it does 6d8 damage; at power 100 it does 6d14. As with any fire-based beams, produces steam if it passes over water. To-hit: 10+power/25.
  5978 | D:8      | Reached XP level 10. HP: 45/100 MP: 3/21
  6182 | D:8      | Reached ***** piety under Lugonu
  6316 | D:9      | Learned a level 4 spell: Petrify
  6359 | D:9      | Gained mutation: You have an increased reservoir of magic. (+10% MP) [potion of mutation]
  6359 | D:9      | Gained mutation: You have very sharp teeth. [potion of mutation]
  6359 | D:9      | Gained mutation: You are partially covered in iridescent scales. (AC +2) [potion of mutation]
  6461 | D:9      | Noticed a two-headed ogre
  6471 | D:9      | Thaneod: ?? fangs
  6473 | D:9      | beem: sharp teeth[1/2]: Grants an auxiliary unarmed biting attack, increasing in damage with the level of the mutation. Vampires start with 3 levels of sharp teeth.
  6477 | D:9      | Killed a two-headed ogre
  6491 | D:9      | Thaneod: ?? fangs{2
  6494 | D:9      | beem: I don't have a page labeled fangs{2 in my learndb.
  6497 | D:9      | Thaneod: ?? fangs[2
  6497 | D:9      | beem: bite[1/1]: An {auxiliary unarmed} attack you can get if you have sharp teeth or fangs. Damage is (fang mutation level * 2) + ((strength-10) / 5, randomly rounded). If you have less than 10 str, it's just (fang mutation level * 2). For VS, it instead is fangs level * 2 + XL * 1/3
  6510 | D:9      | Found a shadowy altar of Dithmenos.
  6516 | D:9      | 4thArraOfDagon: sry
  6609 | D:9      | Noticed 4thArraOfDagon's ghost (journeyman OgEE)
  6621 | D:9      | Killed 4thArraOfDagon's ghost
  6621 | D:9      | Reached skill level 10 in Earth Magic
  6677 | D:9      | Learned a level 6 spell: Statue Form
  6677 | D:9      | Vajrapani: yay, statue
  6677 | D:9      | Vajrapani: game won
  6677 | D:9      | 4thArraOfDagon: haha
  6677 | D:9      | 4thArraOfDagon: lets see
  6677 | D:9      | 4thArraOfDagon: nothing is certain!
  6691 | D:9      | Reached skill level 1 in Transmutations
  6847 | D:9      | Found an opulent altar of Gozag.
  6847 | D:9      | Found a white marble altar of Elyvilon.
  6848 | D:9      | Found a bloodstained altar of Trog.
  6879 | D:9      | Reached skill level 1 in Unarmed Combat
  6924 | D:9      | Found a staircase to the Orcish Mines.
  6946 | D:9      | crasatator: salut
  6959 | D:9      | 4thArraOfDagon: ahoj
  6968 | D:9      | Thaneod: hola
  7074 | D:10     | Entered Level 10 of the Dungeon
  7074 | D:10     | Noticed a gargoyle
  7076 | D:10     | Killed a gargoyle
  7076 | D:10     | Reached XP level 11. HP: 106/113 MP: 15/26
  7100 | D:10     | Noticed a two-headed ogre
  7112 | D:10     | Killed a two-headed ogre
  7174 | D:10     | timbw: hi
  7226 | D:10     | Noticed a two-headed ogre
  7234 | D:10     | Killed a two-headed ogre
  7297 | D:10     | Noticed Snorg
  7302 | D:10     | Found Buvolul's Assorted Antiques.
  8170 | D:12     | Turgon: Wow, XL 11 and already ogre in statue form
  8201 | D:12     | Noticed Rupert
  8222 | D:12     | Noticed a two-headed ogre
  8234 | D:12     | Killed a two-headed ogre
  8430 | D:12     | Reached ****** piety under Lugonu
  8449 | D:12     | Thaneod: Rupert is Ignacio brother?
  8483 | D:12     | Turgon: I don't think so
  8503 | D:12     | Noticed an eight-headed hydra
  8520 | D:12     | Thaneod: ?? Ignacio
  8520 | D:12     | beem: ignacio[1/1]: Unique executioner found in Pandemonium. Comes with executioner's axe of pain, casts agony (basically torment that checks MR). If you don't kill him, he might show up again in a later Pan level.
  8522 | D:12     | Killed an eight-headed hydra
  8522 | D:12     | Reached XP level 12. HP: 113/124 MP: 11/27
  8532 | D:12     | Thaneod: ?? Rupert
  8532 | D:12     | beem: rupert[1/1]: Not a crusader. Will "look more energetic" 2 turns after his berserk wears off (and promptly zerk again). Spells: paralyse, confuse, berserker rage. Is generated with a good two-handed weapon. For laughs, watch: "!lg * mfre killer=rupert 1 -tv:<0.5" or "!lg * kewn killer=rupert 1 -tv:<0.5".
  8622 | D:12     | timbw: ?? norris
  8625 | D:12     | beem: norris[1/4]: Removed in 0.19. A tan, fit and thoroughly evil ex-surfer. Feeds on your intelligence, smites, paralyzes, confuses, turns invisible, and smokes Cuban cigars.
  8677 | D:12     | Thaneod: pff
  8690 | D:12     | Thaneod: ?? norris[2
  8694 | D:12     | beem: norris[2/4]: < petato> I see Norris lost his board. poor guy :( <+sorear> anachro police got it < petato> timecops go home
  8743 | D:11     | Thaneod: ?? norris[3
  8756 | D:10     | beem: norris[3/4]: On why Norris should be able to swim: Norris is almost dead. Norris splashes around in the water. You slash Norris! You kill Norris!
  8756 | D:10     | Thaneod: ?? norris[4
  8758 | D:10     | beem: norris[4/4]: removed june 2016
  9071 | D:13     | Reached skill level 5 in Transmutations
  9153 | D:13     | Reached skill level 5 in Unarmed Combat
  9308 | D:13     | Turgon: I'm surprised statue form already works fine with *that* low UC skill!
  9335 | D:13     | Noticed a deep elf knight
  9371 | D:13     | Found a transporter.
  9379 | D:13     | Found a transporter.
  9530 | D:13     | Noticed a soul eater
  9531 | D:13     | Killed a deep elf knight
  9615 | D:13     | Reached skill level 10 in Fighting
  9759 | D:14     | Noticed a two-headed ogre
  9776 | D:13     | Banished a two-headed ogre
  9814 | D:13     | timbw: its not fun vs high ev guys
 10136 | D:14     | Sergey: hello
 10175 | D:14     | Sergey: can I be petrified in tree form ?
 10203 | D:14     | Found a gate to the Vaults.
 10203 | D:14     | Noticed a yaktaur captain
 10210 | D:14     | Noticed a two-headed ogre
 10213 | D:14     | Killed a yaktaur captain
 10214 | D:14     | Turgon: That's a really surprising question
 10227 | D:14     | Killed a two-headed ogre
 10236 | D:14     | Turgon: Kind of ultra-expert question...
 10237 | D:14     | Reached XP level 13. HP: 12/135 MP: 16/29
 10237 | D:14     | Reached skill level 10 in Spellcasting
 10252 | D:14     | Thaneod: proapbly not
 10258 | D:14     | Thaneod: ?? tree form
 10260 | D:14     | beem: tree form[1/3]: Immobile form with -Tele, +50% HP, 20 + XL/2 AC, minimal EV, rN+++, rPois, torment immunity, and gives +12 base UC damage. Unlike statue form, tree form does NOT give rot or poison immunity.
 10296 | D:14     | Thaneod: ?? treee form{2
 10306 | D:14     | beem: I don't have a page labeled treee_form{2 in my learndb.
 10336 | D:14     | timbw: I dont think so either
 10369 | D:14     | Thaneod: ?? tree form[2
 10371 | D:14     | beem: tree form[2/3]: !lg tlatlagkaus xl=27 oghu 1 -tv
 10434 | D:14     | Turgon: I don't *think* it could happen - but I don't *know*
 10524 | D:14     | Thaneod: yeah game can suprise you even after long time
 10536 | D:14     | Turgon: yes
 10669 | D:14     | timbw: its one of those obscure things to
 10693 | D:14     | Thaneod: !stalk timbw
 10713 | D:15     | Entered Level 15 of the Dungeon
 10713 | D:15     | beem: timbw the L1 HuFi^ in D:1 (cxc tiles), T:0, defenses: 6/6/8, stats: 16/8/12
 10714 | D:15     | timbw: even if it worked 3 years ago
 10716 | D:15     | timbw: that one time
 10735 | D:15     | timbw: you cant be sure it hasnt been changed since
 10737 | D:15     | Sergey: ok, I can
 10749 | D:15     | Thaneod: this is general question, or some problem in game:>?
 10785 | D:15     | Sergey: and that was stupid idea, as I cant run from catoblebas now
 10834 | D:15     | Vajrapani: statue ogre is always pretty nice
 10879 | D:15     | Vajrapani: berserk statue ogre xl 27 with 27 fighting is like 600+ HP
 10887 | D:15     | Vajrapani: wew
 10999 | D:15     | Sergey: I was zerked statue HO with ~550 HP
 11017 | D:15     | Noticed a rakshasa
 11023 | D:15     | Killed a rakshasa
 11093 | D:15     | Found a staircase to the Depths.
 11120 | D:15     | Sergey: moth of wrath zerked me, weavers corroded me, and I lost all my HP while I was zerked
 11150 | D:15     | Vajrapani: damn
 11209 | D:15     | Sergey: !lg . HO
 11213 | D:15     | beem: 4. Sergey the Slayer (L27 HOAE of Beogh), mangled by a wolf spider on Zig:8 on 2018-04-05 21:14:10, with 907297 points after 54583 turns and 10:03:38.
 11240 | D:15     | Sergey: I was near to get high score
 11306 | D:15     | Reached XP level 14. HP: 146/146 MP: 7/31
 11324 | D:15     | Thaneod: !lg Sergey . HO -log
 11329 | D:15     | beem: No games for Sergey (. HO).
 11410 | D:15     | Thaneod: !lg Sergey * HO -log
 11413 | D:15     | beem: 4. Sergey, XL27 HOAE, T:54583: https://underhound.eu/crawl/morgue/Sergey/morgue-Sergey-20180405-211410.txt
 11448 | D:15     | timbw: im suprised hs can still be had at that high turncount
 11467 | D:15     | Vajrapani: ye, i think the other races besides VS,DD,Gn don't get speedrun that much
 11470 | D:15     | timbw: people really arent speedrunning the odd/bad combos
 11472 | D:15     | Vajrapani: and other combos
 11474 | D:15     | Vajrapani: yep
 11748 | D:12     | Killed Rupert
 11800 | D:12     | timbw: did he just shaft himself
 11813 | D:12     | timbw: next to ruppert
 11839 | D:12     | Reached skill level 5 in Dodging
 11853 | D:12     | Found Tuofuvam's Food Shoppe.
 12356 | D:10     | Found a staircase to the Lair.
 12409 | Orc:1    | Entered Level 1 of the Orcish Mines
 12409 | Orc:1    | Found a roughly hewn altar of Beogh.
 12497 | Orc:1    | Found a roughly hewn altar of Beogh.
 12503 | Orc:1    | Thaneod: even he tab him :)
 12658 | Orc:2    | Entered Level 2 of the Orcish Mines
 12658 | Orc:2    | Found a frozen archway.
 12758 | Orc:2    | Vajrapani: !stalk
 12763 | Orc:2    | beem: Vajrapani the L27 OgTm^Oka in Zot:5 (cxc tiles), T:72570, runes: 3 (silver, gossamer, decaying), defenses: 20/21/31, stats: 27/18/15, >15 skills: Fighting,Dodging,Shields,Unarmed Combat,Earth Magic
 12767 | Orc:2    | Vajrapani: !stalk 4tharra
 12770 | Orc:2    | beem: 4thArraOfDagon the L14 OgEE^Lucy in Orc:2 (cxc tiles), T:12658, defenses: 29/11/0, stats: 15/20/9
 12786 | IceCv    | Entered an ice cave
 12955 | IceCv    | Killed a reaper
 12973 | IceCv    | Thaneod: cloud immunity:)
 13338 | Orc:1    | Noticed an orc warlord
 13349 | Orc:1    | Killed an orc warlord
 13565 | Orc:1    | Paralysed by an orc sorcerer for 5 turns
 13573 | Orc:1    | Reached skill level 10 in Invocations
 13686 | Orc:1    | Found a roughly hewn altar of Beogh.
 13866 | Orc:2    | Found Pomear's Magic Scroll Shop.
 13879 | Orc:2    | Bought a scroll of magic mapping for 49 gold pieces
 13879 | Orc:2    | Bought 2 scrolls of magic mapping for 98 gold pieces
 13879 | Orc:2    | Bought a scroll of teleportation for 42 gold pieces
 13879 | Orc:2    | Bought a scroll of teleportation for 42 gold pieces
 13879 | Orc:2    | Bought a scroll of teleportation for 42 gold pieces
 13879 | Orc:2    | Bought a scroll of identify for 28 gold pieces
 13879 | Orc:2    | Bought a scroll of identify for 28 gold pieces
 13883 | Orc:2    | Found a staircase to the Elven Halls.
 14001 | Orc:2    | Noticed a stone giant
 14015 | Orc:2    | Killed a stone giant
 14069 | Orc:2    | Thaneod: ?? stone giant
 14071 | Orc:2    | beem: stone giant[1/3]: Like a speed 10 cyclops that hits much harder.
 14097 | Orc:2    | Thaneod: ?? stone giant{2
 14099 | Orc:2    | beem: I don't have a page labeled stone_giant{2 in my learndb.
 14099 | Orc:2    | Noticed Blork the orc
 14103 | Orc:2    | Thaneod: ?? stone giant[2
 14103 | Orc:2    | beem: stone giant[2/3]: Like a cyclops if it's WIELDING a cyclops, maybe. A cyclops with a giant spiked club.
 14103 | Orc:2    | Thaneod: ?? stone giant{3
 14103 | Orc:2    | beem: I don't have a page labeled stone_giant{3 in my learndb.
 14106 | Orc:2    | Killed Blork the orc
 14176 | Orc:2    | Noticed an orc warlord
 14194 | Orc:2    | Killed an orc warlord
 14335 | Orc:2    | Found a roughly hewn altar of Beogh.
 14426 | Orc:2    | Found Ofufraog's Antique Weapon Boutique.
 14457 | Orc:2    | Found Bezoig's Jewellery Boutique.
 14484 | Orc:2    | Found Oqoizeqo's General Store.
 14499 | Orc:2    | Found Qetiarux's Antique Armour Boutique.
 14523 | Orc:2    | Bought a scroll of blinking for 97 gold pieces
 14523 | Orc:2    | Bought a scroll of acquirement for 676 gold pieces
 14529 | Orc:2    | Identified the +2 hat of Hospitality {rPois Regen+ MP+9} (You acquired it on level 2 of the Orcish Mines)
 14538 | Orc:2    | Thaneod: wtf
 14566 | Orc:2    | Thaneod: regen and mp+9
 14573 | Orc:2    | 4thArraOfDagon: they are changing something
 14585 | Orc:2    | 4thArraOfDagon: deja vu ^^
 14665 | Orc:2    | Reached XP level 15. HP: 156/156 MP: 33/33
 14793 | Elf:1    | Entered Level 1 of the Elven Halls
 14973 | Elf:1    | Found Sydgh's Book Boutique.
 15178 | Elf:1    | Reached skill level 10 in Unarmed Combat
 15306 | Elf:1    | Noticed a deep elf sorcerer
 15309 | Elf:1    | Killed a deep elf sorcerer
 15454 | Elf:1    | Cast into level 3 of the Abyss (a deep elf demonologist)
 15522 | Elf:1    | Escaped the Abyss
 15535 | Elf:1    | Noticed a Hell Sentinel
 15558 | Elf:1    | Noticed Azrael
 15960 | Elf:2    | Noticed a deep elf sorcerer
 15972 | Elf:2    | Killed a deep elf sorcerer
 15978 | Elf:2    | Noticed a deep elf elementalist
 15986 | Elf:2    | Killed a deep elf elementalist
 16007 | Elf:2    | Reached XP level 16. HP: 102/165 MP: 8/35
 16102 | Elf:2    | Found Xicul's Book Boutique.
 16181 | Elf:2    | Found Enuar's Assorted Antiques.
 16185 | Elf:2    | Found Ynisokot's Assorted Antiques.
 16189 | Elf:2    | Bought a flickering jade ring for 115 gold pieces
 16189 | Elf:2    | Bought a scroll of magic mapping for 80 gold pieces
 16195 | Elf:2    | Bought a scroll labeled YRALOJ LAMUNA for 26 gold pieces
 16195 | Elf:2    | Bought a scroll of magic mapping for 91 gold pieces
 16195 | Elf:2    | Identified the ring of Divine Intervention {Fire rN+ Dex+2} (You bought it in a shop on level 2 of the Elven Halls)
 16337 | Elf:2    | Found Volosch's Gadget Boutique.
 16379 | Elf:2    | Found a runed gate.
 16381 | Elf:2    | Found a runed gate.
 16382 | Elf:2    | Found a runed gate.
 16412 | Elf:3    | Entered Level 3 of the Elven Halls
 17191 | Elf:3    | Cast into level 2 of the Abyss (a deep elf demonologist)
 17216 | Abyss:2  | Noticed a Hell Sentinel
 17220 | Elf:3    | Escaped the Abyss
 17229 | Elf:3    | Thaneod: pff
 17233 | Elf:3    | 4thArraOfDagon: oh wow thats unfortunate
 17233 | Elf:3    | Cast into level 3 of the Abyss (a deep elf demonologist)
 17260 | Abyss:3  | Noticed a kraken
 17268 | Abyss:3  | Noticed a tentacled monstrosity
 17270 | Elf:3    | Escaped the Abyss
 17280 | Elf:2    | Reached skill level 15 in Earth Magic
 17281 | Elf:2    | Thaneod: elf mage with anti magic + rage Axe
 17353 | Elf:3    | timbw: 15 base dmg?!
 17358 | Elf:3    | timbw: seams low
 17359 | Elf:3    | Noticed a deep elf blademaster
 17380 | Elf:3    | Killed a deep elf blademaster
 17388 | Elf:3    | Thaneod: ?? trog wrath
 17389 | Elf:3    | beem: trog wrath[1/3]: ABANDONMENT: 50 penance. RETRIBUTION: 50% creates berserking hostiles from (iron troll, deep troll, troll, black bear, grizzly bear, stone giant, hill giant, ogre, two-headed ogre); 33% weakening effect (decay, STR loss, paralysis, slowing); 16% fire miscast.
 17413 | Elf:3    | Thaneod: ?? wrath of trog
 17413 | Elf:3    | beem: wrath of trog[1/1]: A +8 antimagic battleaxe, makes you go berserk (50% of the time!) when you attack. Not to be confused with {trog wrath}, a far more terrifying phenomenon. Trog won't ever gift it (but Okawaru can).
 17414 | Elf:3    | Noticed a deep elf master archer
 17434 | Elf:3    | Killed a deep elf master archer
 17653 | Elf:3    | Identified the amulet "Dyxer" {Faith *Drain rElec MR+++ Str+4} (You took it off a deep elf annihilator on level 3 of the Elven Halls)
 17675 | Elf:3    | 4thArraOfDagon: ??banish
 17675 | Elf:3    | beem: banishment[1/5]: Sends the target to the Abyss, varying target depth by caster HD. Checks MR, unlike distortion melee. Cast by deep elf demonologists/sorcerers, Louise and SOME (ancient) liches, wizards, ogre-magi, Erolcha, and pan lords. (Costs 4 MP, 200-400 Food, and 3-4 Piety)
 17681 | Elf:3    | timbw: varying target depth by caster HD
 17681 | Elf:3    | timbw: lol
 17727 | Elf:3    | Sergey: arra, aren't you going to corrupt here
 17744 | Elf:3    | Sergey: oh, all is done
 17838 | Elf:3    | Noticed a deep elf master archer
 17839 | Elf:3    | Noticed a deep elf blademaster
 17847 | Elf:3    | Killed a deep elf master archer
 17849 | Elf:3    | Reached XP level 17. HP: 144/172 MP: 30/37
 17853 | Elf:3    | Killed a deep elf blademaster
 17911 | Elf:3    | Identified the Compendium of Loss
 17983 | Elf:3    | timbw: giant club of protection
 17990 | Elf:3    | timbw: those are pretty rare
 18104 | Elf:2    | Reached skill level 1 in Shields
 18122 | Elf:2    | Learned a level 3 spell: Regeneration
 18125 | Elf:2    | Learned a level 2 spell: Blink
 18132 | Elf:2    | Learned a level 6 spell: Iron Shot
 18135 | Elf:2    | Learned a level 2 spell: Passwall
 18505 | Elf:1    | Killed Azrael
 18649 | Lair:1   | Entered Level 1 of the Lair of Beasts
 18916 | Lair:2   | Found a staircase to the Shoals.
 19015 | Lair:2   | Found a staircase to the Snake Pit.
 19116 | Shoals:1 | Entered Level 1 of the Shoals
 19255 | Shoals:1 | Noticed a kraken
 19271 | Shoals:1 | Killed a kraken
 19472 | Shoals:2 | Found Sigholo's Antique Armour Shop.
 19596 | Shoals:2 | Bought a steaming robe for 216 gold pieces
 19606 | Shoals:2 | Identified the +2 robe "Himaxki" {Str+2 Dex+3} (You bought it in a shop on level 2 of the Shoals)
 20144 | Shoals:3 | Reached skill level 5 in Shields
 20295 | Shoals:3 | Found Nicsiol's Assorted Antiques.
 20405 | Shoals:3 | Bought a scroll of blinking for 210 gold pieces
 20598 | Shoals:3 | Reached XP level 18. HP: 184/184 MP: 39/39
 20681 | Shoals:4 | Entered Level 4 of the Shoals
 20769 | Shoals:4 | Noticed Ilsuiw
 21240 | Shoals:4 | BLOAX: is this another one of these
 21247 | Shoals:4 | BLOAX: ogrepowered builds
 21319 | Shoals:4 | Killed Ilsuiw
 21343 | Shoals:4 | 4thArraOfDagon: hhiiiii
 21379 | Shoals:4 | BLOAX: hi
 21449 | Shoals:4 | Thaneod: OP - ogre powered:)
 21519 | Shoals:4 | Thaneod: !stalk BLOAX
 21538 | Shoals:4 | beem: BLOAXOR the L11 DDGl^Chei in Orc:2 (cxc tiles), T:8332, defenses: 21/16/0, stats: 32/21/26
 21603 | Shoals:4 | BLOAX: rip
 21730 | Shoals:4 | Thaneod: !lg BLOAX -log
 21736 | Shoals:4 | beem: 1930. BLOAXOR, XL11 DDGl, T:8491: https://crawl.xtahua.com/crawl/morgue/BLOAXOR/morgue-BLOAXOR-20180211-204205.txt
 21838 | Shoals:4 | Got a barnacled rune of Zot
 22013 | Snake:1  | Entered Level 1 of the Snake Pit
 22351 | Snake:1  | Noticed Aizul
 22389 | Snake:1  | Noticed Louise
 22419 | Snake:1  | Killed Louise
 22484 | Snake:1  | Killed Aizul
 22656 | Snake:2  | Noticed Nikola
 22670 | Snake:2  | Killed Nikola
 22670 | Snake:2  | Reached XP level 19. HP: 196/196 MP: 41/41
 22761 | Snake:2  | Noticed Kirke
 22769 | Snake:2  | Killed Kirke
 22872 | Snake:2  | Found a runed door.
 23300 | Snake:3  | Found Posit's Book Shoppe.
 23304 | Snake:3  | Bought a book of Alchemy for 900 gold pieces
 23307 | Snake:3  | Learned a level 2 spell: Sublimation of Blood
 23423 | Snake:3  | Reached skill level 1 in Necromancy
 23590 | Snake:3  | Reached skill level 15 in Unarmed Combat
 23608 | Snake:3  | Found a runed door.
 23784 | Snake:3  | Got a crystal great sword
 23916 | Snake:4  | Entered Level 4 of the Snake Pit
 23955 | Snake:4  | Identified the +3 great sword of Inflation {slice, rF+ MR+ SInv} (You found it on level 3 of the Snake Pit)
 24163 | Snake:4  | Reached skill level 15 in Spellcasting
 24481 | Snake:4  | Reached skill level 5 in Necromancy
 24746 | Snake:4  | Reached XP level 20. HP: 209/209 MP: 42/42
 24895 | Snake:4  | Reached skill level 15 in Fighting
 24972 | Snake:4  | Got a serpentine rune of Zot
 25186 | Lair:4   | Noticed Urug
 25195 | Lair:4   | Killed Urug
 25355 | Lair:4   | Found a sacrificial altar of Ru.
 25664 | Lair:5   | Found a staircase to the Slime Pits.
 25725 | Lair:6   | Entered Level 6 of the Lair of Beasts
 25993 | Lair:6   | Found a burning altar of Makhleb.
 26067 | Lair:6   | Found a gateway to Hell.
 26074 | Lair:6   | Identified the Handbook of the Shifting Compass
 26402 | Lair:5   | Found the +8 lance "Wyrmbane" {slay drac, rPois rF+ rC+ AC+3}
 26435 | Slime:1  | Entered Level 1 of the Pits of Slime
 26681 | Slime:2  | Gained mutation: You do not regenerate when monsters are visible. [a shining eye]
 26686 | Slime:2  | :(
 26989 | Slime:5  | Entered Level 5 of the Pits of Slime
 27031 | Slime:4  | Reached XP level 21. HP: 223/223 MP: 44/44
 27176 | Slime:5  | Noticed the Royal Jelly
 27203 | Slime:5  | Found a viscous altar of Jiyva.
 27215 | Slime:5  | Killed the Royal Jelly
 27255 | Slime:5  | Got a slimy rune of Zot
 27294 | Slime:5  | Identified the cursed +1 broad axe "Qiniby" {chop, Stlth+} (You found it on level 5 of the Pits of Slime)
 27346 | Slime:5  | Identified the Compendium of Intoxication and the Volcanoes
 27589 | Lair:5   | Lost mutation: You have an increased reservoir of magic. (+10% MP) [potion of mutation]
 27589 | Lair:5   | Lost mutation: You do not regenerate when monsters are visible. [potion of mutation]
 27589 | Lair:5   | Gained mutation: You have an increased reservoir of magic. (+10% MP) [potion of mutation]
 27838 | Vaults:1 | Entered Level 1 of the Vaults
 28504 | Vaults:2 | Found a portal to a secret trove of treasure.
 28665 | Vaults:2 | lo
 28694 | Vaults:2 | Reached skill level 10 in Shields
 28986 | Vaults:2 | Reached skill level 10 in Dodging
 29024 | Vaults:3 | Noticed Jory
 29049 | Vaults:2 | Killed Jory
 29049 | Vaults:2 | Reached XP level 22. HP: 239/239 MP: 45/45
 29071 | Vaults:3 | Noticed Mennas
 29114 | Vaults:3 | Killed Mennas
 29152 | Vaults:3 | Found a gateway to a bazaar.
 29162 | Bazaar   | Entered a bazaar
 29190 | Bazaar   | Found Daoqaqaiw's Food Shoppe.
 29264 | Bazaar   | Found Woerrybb's Jewellery Shoppe.
 29268 | Bazaar   | NormalPerson7: wow nasty bazaar for tc running
 29268 | Bazaar   | Bought an uncursed amulet of magic regeneration for 300 gold pieces
 29279 | Bazaar   | Found Mafoid's Antique Weapon Emporium.
 29413 | Vaults:3 | Thaneod: that was trap I think
 29595 | Vaults:3 | Noticed Thaneod's ghost (legendary VSFi)
 29607 | Vaults:3 | Thaneod: !lg Thaneod
 29608 | Vaults:3 | beem: 1127. Thaneod the Conqueror (L27 VSFi of The Shining One), demolished by a stone giant (created by the rage of Trog) on Vaults:3 on 2018-04-27 20:52:02, with 781373 points after 57547 turns and 3:06:07.
 29615 | Vaults:3 | Killed Frederick
 29622 | Vaults:3 | Killed Thaneod's ghost
 29623 | Vaults:3 | 4thArraOfDagon: rip!
 29779 | Vaults:3 | Found a staircase to the Crypt.
 30024 | Vaults:4 | p0werm0de: y0
 30029 | Vaults:4 | p0werm0de: huge spectat0r crowd.
 30034 | Vaults:4 | p0werm0de: !cheers all
 30034 | Vaults:4 | 4thArraOfDagon: heeeyy
 30034 | Vaults:4 | beem: *beem* slides a stein of bourbon across the bar to all, courtesy of p0werm0de.
 30069 | Vaults:4 | Thaneod: bourbon
 30105 | Vaults:4 | Thaneod: !milk p0werm0de
 30123 | Vaults:4 | Thaneod: !vodka p0werm0de
 30138 | Vaults:4 | Thaneod: !beer me
 30143 | Vaults:4 | beem: *beem* slides a bottle of India pale ale down the bar to me, courtesy of Thaneod.
 30331 | Vaults:4 | p0werm0de: !joint p0werm0de
 30364 | Vaults:4 | Thaneod: !slap p0werm0de
 30382 | Vaults:4 | Thaneod: !malmutate p0werm0de
 30420 | Vaults:4 | Thaneod: !shatter all
 30428 | Vaults:4 | beem: Thaneod gestures wildly while chanting. msg rumbles around Thaneod! all shudders from the earth-shattering force.
 30573 | Vaults:4 | Reached XP level 23. HP: 247/247 MP: 46/46
 30648 | Vaults:4 | p0werm0de: !xxx thaneod
 30655 | Vaults:4 | beem: p0werm0de gestures wildly while chanting. 11 tentacled monstrosities appear! The tentacled monstrosity tentacle-slaps thaneod! x11
 30732 | Vaults:4 | p0werm0de: https://www.youtube.com/watch?v=qjrR2uvIIPY
 30732 | Vaults:4 | Thaneod: omg
 30965 | Vaults:5 | Entered Level 5 of the Vaults
 31114 | Vaults:5 | Reached skill level 15 in Dodging
 31213 | Vaults:5 | Reached skill level 15 in Shields
 31325 | Vaults:5 | Noticed Xtahua
 31342 | Vaults:5 | Killed Xtahua
 31348 | Vaults:5 | sry!
 31354 | Vaults:5 | 4thArraOfDagon: I killed xtahua! :(
 31445 | Vaults:5 | Reached XP level 24. HP: 147/256 MP: 36/46
 31798 | Vaults:5 | Found Muphez's Antique Armour Shoppe.
 31823 | Vaults:5 | Bought an embroidered scarf for 320 gold pieces
 31881 | Vaults:5 | Found Ugaecodgh's Antique Armour Shoppe.
 31946 | Vaults:5 | Thaneod: free rats!
 32061 | Vaults:5 | Got a silver rune of Zot
 32418 | Vaults:4 | Rhok: !stalk $p
 32425 | Vaults:4 | beem: 4thArraOfDagon the L24 OgEE^Lucy in Vaults:5 (cxc tiles), T:32061, runes: 4 (silver, slimy, serpentine...), defenses: 16/20/21, stats: 19/24/9, >15 skills: Fighting,Dodging,Shields,Unarmed Combat,Spellcasting,Earth Magic
 32608 | Depths:1 | Entered Level 1 of the Depths
 32952 | Depths:1 | Reached XP level 25. HP: 265/265 MP: 47/47
 33217 | Depths:2 | Found the +6 shillelagh "Devastator" {shatter}
 33223 | Depths:2 | Noticed Mara
 33232 | Depths:2 | Noticed 4thArraOfDagon's illusion
 33258 | Depths:2 | Killed Mara
 33614 | Depths:2 | Found a one-way gate to the infinite horrors of the Abyss.
 33681 | Depths:3 | Found a gateway to a ziggurat.
 34088 | Depths:4 | Noticed a juggernaut
 34110 | Depths:4 | Killed a juggernaut
 34459 | Depths:4 | Noticed a juggernaut
 34477 | Depths:4 | Killed a juggernaut
 34518 | Depths:4 | Reached XP level 26. HP: 78/274 MP: 20/49
 34806 | Depths:4 | Identified the ring "Wicwefo" {MR+ Str+3 Int+3 Dex-4} (You found it on level 4 of the Depths)
 34856 | Depths:4 | Identified the +6 shield "Lyomurob" {Str-5 Slay+4} (You found it on level 4 of the Depths)
 34907 | Depths:4 | Noticed a juggernaut
 34913 | Depths:4 | Killed a juggernaut
 35246 | Depths:5 | Entered Level 5 of the Depths
 35374 | Depths:5 | Noticed a juggernaut
 35384 | Depths:5 | Killed a juggernaut
 35552 | Depths:5 | Learned a level 9 spell: Tornado
 35599 | Depths:5 | Reached skill level 1 in Air Magic
 35680 | Depths:5 | Found a gate to the Realm of Zot.
 35720 | Depths:5 | Reached XP level 27. HP: 282/282 MP: 51/51
 35889 | Depths:5 | Reached skill level 5 in Air Magic
 36232 | Zot:1    | Entered Level 1 of the Realm of Zot
 36734 | Zot:1    | Identified the cursed +2 morningstar of Slow Death {crush, Str+10 Int-3 Dex+3} (You found it on level 1 of the Realm of Zot)
 37085 | Zot:2    | Reached skill level 10 in Air Magic
 37532 | Zot:3    | Noticed an orb of fire
 37545 | Zot:3    | Killed an orb of fire
 38238 | Zot:4    | Learned a level 8 spell: Ignition
 38390 | Zig:1    | Entered Level 1 of a ziggurat
 38418 | Zig:2    | Entered Level 2 of a ziggurat
 38443 | Zig:3    | Entered Level 3 of a ziggurat
 38492 | Zig:4    | Entered Level 4 of a ziggurat
 38540 | Zig:5    | Entered Level 5 of a ziggurat
 38623 | Zig:6    | Entered Level 6 of a ziggurat
 38679 | Zig:7    | Entered Level 7 of a ziggurat
 38712 | Zig:7    | Found the +6 Majin-Bo {vamp, Archmagi MP+6 Int+6}
 38730 | Zig:7    | zxcv: ??majin-bo
 38730 | Zig:7    | beem: majin-bo[1/3]: +6 Majin-Bo {vamp, Archmagi, MP+6 Int+6}. It's a quarterstaff! Acts as a universal spell enhancer, but costs HP every time you cast a spell: 1 HP per MP spent. (This will never kill you directly.)
 38732 | Zig:8    | Entered Level 8 of a ziggurat
 38809 | Zig:8    | Identified the ring of the Seventy-Seven Mice {-Tele AC+3 Str+4 Dex+3} (You found it on level 8 of a ziggurat)
 38823 | Zig:8    | Identified the ring of Xiczam {rElec rN+ Str+3 Dex+3} (You found it on level 8 of a ziggurat)
 38838 | Zig:9    | Entered Level 9 of a ziggurat
 38890 | Zig:9    | Reached skill level 15 in Air Magic
 38917 | Zig:9    | Learned a level 9 spell: Shatter
 38921 | Zig:9    | Identified the +4 shield "Kewk" {rElec} (You found it on level 9 of a ziggurat)
 38925 | Zig:9    | Got a steaming steel ring
 38927 | Zig:9    | Identified the ring of the Hart {rCorr Dex+2 Slay+3} (You found it on level 9 of a ziggurat)
 38938 | Zig:10   | Entered Level 10 of a ziggurat
 39028 | Zig:11   | Entered Level 11 of a ziggurat
 39036 | Zig:11   | Noticed a juggernaut
 39037 | Zig:11   | Noticed a juggernaut
 39037 | Zig:11   | Noticed a juggernaut
 39038 | Zig:11   | Found the +8 longbow "Zephyr" {speed, Dex+3 SInv}
 39038 | Zig:11   | Noticed a juggernaut
 39040 | Zig:11   | Killed a juggernaut
 39041 | Zig:11   | Killed a juggernaut
 39041 | Zig:11   | Killed a juggernaut
 39042 | Zig:11   | Killed a juggernaut
 39107 | Zig:12   | Entered Level 12 of a ziggurat
 39158 | Zig:13   | Entered Level 13 of a ziggurat
 39216 | Zig:13   | Identified the ring "Piomets" {Fire MR- Str+2 Int+5} (You found it on level 13 of a ziggurat)
 39224 | Zig:13   | Got a fine lapis lazuli ring
 39226 | Zig:13   | Identified the ring of Akhlis {*Tele rN+ MR- Str+4} (You found it on level 13 of a ziggurat)
 39269 | Zig:14   | Entered Level 14 of a ziggurat
 39282 | Zig:14   | Noticed Qaynol the pandemonium lord
 39288 | Zig:14   | Killed Qaynol the pandemonium lord
 39311 | Zig:14   | Found the cursed +14 obsidian axe {chop, +Fly SInv *Curse}
 39333 | Zig:14   | Got a twitching wooden ring
 39334 | Zig:14   | Identified the cursed ring of Byimont {Str-3 Int-5 Dex+5 SInv} (You found it on level 14 of a ziggurat)
 39340 | Zig:14   | Identified the Reference Book on the Blistering Escort
 39371 | Zig:14   | Learned a level 6 spell: Deflect Missiles
 39377 | Zig:14   | Learned a level 4 spell: Passage of Golubria
 39379 | Zig:15   | Entered Level 15 of a ziggurat
 39392 | Zig:15   | Noticed Kafes the pandemonium lord
 39397 | Zig:15   | Noticed Vuchaed the pandemonium lord
 39398 | Zig:15   | Noticed Selukk the pandemonium lord
 39401 | Zig:15   | Noticed Peuzoox the pandemonium lord
 39404 | Zig:16   | Entered Level 16 of a ziggurat
 39472 | Zig:16   | Identified the Reference Book on Lucky Ignition
 39487 | Zig:16   | Got a warped robe
 39498 | Zig:16   | Identified the +1 robe "Doud" {MR+ Slay+2} (You found it on level 16 of a ziggurat)
 39529 | Zig:17   | Entered Level 17 of a ziggurat
 39541 | Zig:17   | Reached skill level 1 in Fire Magic
 39584 | Zig:17   | Identified Vekyasm's Handbook of Conjuration and Unholy Rites
 39603 | Zig:17   | Identified Sitzirph's Volume of Quantum Envenoming
 39608 | Zig:17   | Found the ominously black robe
 39609 | Zig:17   | Identified the +0 robe of Death Resistance {Str+4} (You acquired it on level 17 of a ziggurat)
 39610 | Zig:17   | Identified the -5 robe of Misfortune {-Cast *Contam *Tele *Drain EV-5 Stlth-- *Curse} (You acquired it on level 17 of a ziggurat)
 39623 | Zig:18   | Entered Level 18 of a ziggurat
 39631 | Zig:18   | Noticed a juggernaut
 39633 | Zig:18   | Noticed a juggernaut
 39633 | Zig:18   | Killed a juggernaut
 39635 | Zig:18   | Noticed a juggernaut
 39635 | Zig:18   | Noticed a juggernaut
 39636 | Zig:18   | Killed a juggernaut
 39638 | Zig:18   | Killed a juggernaut
 39638 | Zig:18   | Reached skill level 1 in Armour
 39639 | Zig:18   | Killed a juggernaut
 39663 | Zig:18   | Found the +12 glaive of Prune {chop}
 39714 | Zig:19   | Entered Level 19 of a ziggurat
 39729 | Zig:19   | Reached skill level 10 in Fire Magic
 39758 | Zig:19   | Identified Xenloico's Guide on Congealing Translocation
 39821 | Zig:20   | Entered Level 20 of a ziggurat
 39831 | Zig:20   | Thaneod: ?? sap
 39831 | Zig:20   | beem: sap magic[1/1]: A fixed-70%-chance line-of-fire hex from {warmonger}s. While affected, casting a spell has a 50% chance to apply a spellcasting success penalty, stacking up to 3 levels.
 39832 | Zig:20   | Noticed Balupn the pandemonium lord
 39836 | Zig:20   | Gained mutation: Your spells are a little easier to cast, but a little less powerful. [a cacodemon]
 39838 | Zig:20   | Killed Balupn the pandemonium lord
 39867 | Zig:20   | Found the +10 Black Knight's horse barding {ponderous, rPois rN+}
 39868 | Zig:20   | Found the +0 sword of Power
 39885 | Zig:20   | Identified the Disquisition on Orientation
 39975 | Zig:21   | Entered Level 21 of a ziggurat
 40001 | Zig:21   | Found the +7 captain's cutlass {speed, disarm}
 40047 | Zig:21   | Identified the Reference Book on Supportive Shape Shifting
 40093 | Zig:22   | Entered Level 22 of a ziggurat
 40115 | Zig:22   | Reached skill level 15 in Fire Magic
 40159 | Zig:22   | Identified the ring "Soxuw" {Str+2 Int+8} (You found it on level 22 of a ziggurat)
 40167 | Zig:22   | Identified the +2 robe of Ru's Outrage {MP+9} (You found it on level 22 of a ziggurat)
 40172 | Zig:22   | Identified the amulet "Tubb" {Reflect rF+ MR+ SH+2} (You found it on level 22 of a ziggurat)
 40215 | Zig:23   | Entered Level 23 of a ziggurat
 40227 | Zig:23   | Noticed a greater mummy
 40227 | Zig:23   | Noticed a greater mummy
 40227 | Zig:23   | Noticed a greater mummy
 40238 | Zig:23   | Killed a greater mummy
 40239 | Zig:23   | Killed a greater mummy
 40239 | Zig:23   | Killed a greater mummy
 40239 | Zig:23   | Killed a greater mummy
 40239 | Zig:23   | Killed a greater mummy
 40239 | Zig:23   | Killed a greater mummy
 40241 | Zig:23   | Killed a greater mummy
 40242 | Zig:23   | Noticed a greater mummy
 40242 | Zig:23   | Killed a greater mummy
 40242 | Zig:23   | Killed a greater mummy
 40243 | Zig:23   | Noticed a greater mummy
 40244 | Zig:23   | Noticed a greater mummy
 40244 | Zig:23   | Noticed a greater mummy
 40246 | Zig:23   | Noticed a greater mummy
 40246 | Zig:23   | Noticed a greater mummy
 40246 | Zig:23   | Noticed a greater mummy
 40246 | Zig:23   | Noticed a greater mummy
 40250 | Zig:23   | Noticed a greater mummy
 40257 | Depths:3 | Noticed Margery
 40261 | Depths:3 | Noticed Sojobo
 40380 | Depths:3 | Killed a greater mummy
 40425 | Depths:3 | Noticed Boris
 40437 | Depths:3 | Killed Boris
 40439 | Depths:3 | Killed Margery
 40450 | Depths:3 | Killed Sojobo
 40452 | Depths:3 | Noticed Asterion
 40470 | Depths:3 | Killed Asterion
 40973 | Elf:1    | Bought a book of the Warp for 1710 gold pieces
 40990 | Elf:1    | Learned a level 8 spell: Controlled Blink
 41405 | D:12     | Noticed Sonja
 41406 | D:12     | Killed Sonja
 41657 | Crypt:1  | Entered Level 1 of the Crypt
 41664 | Crypt:1  | Reached skill level 1 in Translocations
 41697 | Crypt:1  | Noticed Bai Suzhen
 41707 | Crypt:1  | Killed Bai Suzhen
 41880 | Crypt:2  | Found a huge runed gate.
 41880 | Crypt:2  | Found a huge runed gate.
 41882 | Crypt:2  | Found a huge runed gate.
 41882 | Crypt:2  | Found a huge runed gate.
 41882 | Crypt:2  | Found a huge runed gate.
 41882 | Crypt:2  | Found a huge runed gate.
 41882 | Crypt:2  | Found a huge runed gate.
 41883 | Crypt:2  | Found a huge runed gate.
 41883 | Crypt:2  | Found a huge runed gate.
 41883 | Crypt:2  | Found a huge runed gate.
 41897 | Crypt:2  | Reached skill level 5 in Translocations
 41903 | Crypt:2  | Noticed Boris
 41911 | Crypt:2  | Killed Boris
 42034 | Crypt:3  | Entered Level 3 of the Crypt
 42239 | Crypt:3  | Found the +8 frozen axe "Frostbite" {freezing cloud, *Noise +Fly rC+}
 42253 | Crypt:3  | Identified the ring "Fipesch" {+Fly Stlth+} (You found it on level 3 of the Crypt)
 42360 | Crypt:3  | fappo: hit that guy!
 42363 | Crypt:3  | fappo: yeah!
 42435 | Crypt:3  | Found a staircase to the Tomb.
 42436 | Crypt:3  | Noticed an ancient lich
 42444 | Crypt:3  | Noticed an ancient lich
 42444 | Crypt:3  | Killed an ancient lich
 42446 | Crypt:3  | Reached skill level 10 in Translocations
 42448 | Crypt:3  | Killed an ancient lich
 42522 | Tomb:1   | Entered Level 1 of the Tomb of the Ancients
 42604 | Tomb:1   | Noticed a greater mummy
 42613 | Tomb:1   | Killed a greater mummy
 42705 | Tomb:1   | Noticed a greater mummy
 42709 | Tomb:1   | Killed a greater mummy
 42819 | Tomb:2   | Noticed a greater mummy
 42820 | Tomb:2   | Noticed a greater mummy
 42821 | Tomb:2   | Noticed a greater mummy
 42822 | Tomb:2   | Noticed a greater mummy
 42822 | Tomb:2   | Killed a greater mummy
 42823 | Tomb:2   | Killed a greater mummy
 42826 | Tomb:2   | Killed a greater mummy
 42826 | Tomb:2   | Killed a greater mummy
 42826 | Tomb:2   | Lost dexterity.
 42904 | Tomb:2   | Thaneod: ?? clumsy
 42905 | Tomb:2   | beem: stat drain[2/3]: 0 str: Collapse: 1/4 regen rate. 0 int: Brainless: Can't memorize or cast spells. 80% chance of failure when reading scrolls. 0 dex: Clumsy: 0 stealth, minimal evasion, can't stab, can't block. All three effects slow you (doesn't stack).
 43132 | Tomb:3   | Entered Level 3 of the Tomb of the Ancients
 43133 | Tomb:3   | Noticed a greater mummy
 43141 | Tomb:3   | Noticed a greater mummy
 43142 | Tomb:3   | Noticed a greater mummy
 43142 | Tomb:3   | Killed a greater mummy
 43143 | Tomb:3   | Noticed a greater mummy
 43144 | Tomb:3   | Noticed a greater mummy
 43145 | Tomb:3   | HP: 10/378 [greater mummy/divine providence (14)]
 43147 | Tomb:3   | Found the +13 mace of Variability {chaos}
 43349 | Tomb:3   | Escaped the Abyss
 43351 | Tomb:3   | Noticed a greater mummy
 43351 | Tomb:3   | Noticed a greater mummy
 43351 | Tomb:3   | Noticed a greater mummy
 43356 | Tomb:3   | Killed a greater mummy
 43356 | Tomb:3   | Killed a greater mummy
 43356 | Tomb:3   | Killed a greater mummy
 43357 | Tomb:3   | Noticed a greater mummy
 43359 | Tomb:3   | Killed a greater mummy
 43359 | Tomb:3   | HP: 11/378 [death scarab (14)]
 43396 | Abyss:1  | Found a bloodstained altar of Trog.
 43405 | Abyss:1  | Found a bloodstained altar of Trog.
 43466 | Abyss:1  | Gained mutation: Your spells are easier to cast, but less powerful. [a neqoxec]
 43770 | Tomb:3   | Escaped the Abyss
 43853 | Tomb:3   | Killed a greater mummy
 43853 | Tomb:3   | Killed a greater mummy
 43856 | Tomb:3   | Killed a greater mummy
 43858 | Tomb:3   | Killed a greater mummy
 43898 | Tomb:3   | Identified the Tome of Transmigration
 43901 | Tomb:3   | Identified the ring of Fomits {Dex+2 Stlth-} (You found it on level 3 of the Tomb of the Ancients)
 43903 | Tomb:3   | Identified the +2 robe of Ennui {rElec rCorr MP+9 Int+3} (You found it on level 3 of the Tomb of the Ancients)
 43931 | Tomb:3   | Got an ominously black robe
 43942 | Tomb:3   | Identified the +0 robe of Gufappou {+Blink +Fly} (You found it on level 3 of the Tomb of the Ancients)
 44035 | Tomb:3   | Got a golden rune of Zot
 44136 | Tomb:1   | Noticed a greater mummy
 44137 | Tomb:1   | Noticed a greater mummy
 44145 | Tomb:1   | Killed a greater mummy
 44145 | Tomb:1   | Reached skill level 15 in Translocations
 44145 | Tomb:1   | Reached skill level 1 in Evocations
 44154 | Tomb:1   | Killed a greater mummy
 44156 | Tomb:1   | Noticed a greater mummy
 44165 | Tomb:1   | Killed a greater mummy
 44166 | Tomb:1   | Noticed a greater mummy
 44167 | Tomb:1   | Noticed a greater mummy
 44172 | Tomb:1   | Killed a greater mummy
 44173 | Tomb:1   | Noticed a greater mummy
 44174 | Tomb:1   | Noticed a greater mummy
 44174 | Tomb:1   | HP: 13/378 [greater mummy/divine providence (16)]
 44350 | Tomb:1   | Escaped the Abyss
 44364 | Tomb:1   | Killed a greater mummy
 44369 | Tomb:1   | Noticed a greater mummy
 44369 | Tomb:1   | Noticed a greater mummy
 44369 | Tomb:1   | Noticed a greater mummy
 44436 | Abyss:1  | Found a burning altar of Makhleb.
 44606 | Tomb:2   | Escaped the Abyss
 44611 | Tomb:2   | Killed a greater mummy
 44611 | Tomb:2   | Killed a greater mummy
 44697 | Tomb:1   | Killed a greater mummy
 44697 | Tomb:1   | Killed a greater mummy
 44697 | Tomb:1   | Killed a greater mummy
 44698 | Tomb:1   | Reached skill level 5 in Evocations
 44701 | Tomb:1   | Noticed a greater mummy
 44707 | Tomb:1   | Killed a greater mummy
 44776 | Tomb:1   | Noticed a greater mummy
 44777 | Tomb:1   | Noticed a greater mummy
 44779 | Tomb:1   | Noticed a greater mummy
 44782 | Tomb:1   | Noticed a greater mummy
 44784 | Tomb:1   | Noticed a greater mummy
 44784 | Tomb:1   | Killed a greater mummy
 44784 | Tomb:1   | Killed a greater mummy
 44784 | Tomb:1   | Killed a greater mummy
 44784 | Tomb:1   | Killed a greater mummy
 44791 | Tomb:1   | Killed a greater mummy
 44885 | Crypt:3  | Lost mutation: You have an increased reservoir of magic. (+10% MP) [potion of mutation]
 44885 | Crypt:3  | Lost mutation: You are partially covered in iridescent scales. (AC +2) [potion of mutation]
 44885 | Crypt:3  | Lost mutation: Your spells are easier to cast, but less powerful. [potion of mutation]
 44885 | Crypt:3  | Gained mutation: You are partially covered in thin metallic scales. (AC +2) [potion of mutation]
 44885 | Crypt:3  | Lost mutation: You have very sharp teeth. [potion of mutation]
 44885 | Crypt:3  | Gained mutation: You tend to lose your temper in combat. [potion of mutation]
 44885 | Crypt:3  | Gained mutation: Your natural rate of healing is unusually fast. [potion of mutation]
 44886 | Crypt:3  | Lost mutation: You tend to lose your temper in combat. [potion of mutation]
 44886 | Crypt:3  | Lost mutation: Your spells are a little easier to cast, but a little less powerful. [potion of mutation]
 44886 | Crypt:3  | Gained mutation: You have a pair of small horns on your head. [potion of mutation]
 44886 | Crypt:3  | Gained mutation: Your mind is acute. (Int +2) [potion of mutation]
 44886 | Crypt:3  | Gained mutation: Your flesh is cold resistant. (rC+) [potion of mutation]
 44887 | Crypt:3  | Lost mutation: Your mind is acute. (Int +2) [potion of mutation]
 44887 | Crypt:3  | Lost mutation: You have a pair of small horns on your head. [potion of mutation]
 44887 | Crypt:3  | Gained mutation: Your mind is acute. (Int +2) [potion of mutation]
 44887 | Crypt:3  | Gained mutation: Your spells are a little easier to cast, but a little less powerful. [potion of mutation]
 44887 | Crypt:3  | Gained mutation: You are somewhat resistant to further mutation. [potion of mutation]
 44891 | Zig:1    | Entered Level 1 of a ziggurat
 44905 | Zig:2    | Entered Level 2 of a ziggurat
 44920 | Zig:3    | Entered Level 3 of a ziggurat
 44924 | Zig:3    | Reached skill level 10 in Necromancy
 44934 | Zig:3    | Identified the +1 robe of Coronation {+Blink Int+6 Stlth-} (You found it on level 3 of a ziggurat)
 44936 | Zig:4    | Entered Level 4 of a ziggurat
 44968 | Zig:5    | Entered Level 5 of a ziggurat
 44970 | Zig:5    | Noticed a juggernaut
 44975 | Zig:5    | Killed a juggernaut
 45002 | Zig:6    | Entered Level 6 of a ziggurat
 45013 | Zig:6    | Reached skill level 1 in Conjurations
 45033 | Zig:7    | Entered Level 7 of a ziggurat
 45040 | Zig:7    | Noticed an ancient lich
 45046 | Zig:7    | Killed an ancient lich
 45053 | Zig:7    | Identified the amulet of Elyvilon's Approval {Faith +Blink Dex+3} (You found it on level 7 of a ziggurat)
 45065 | Zig:8    | Entered Level 8 of a ziggurat
 45076 | Zig:8    | Reached skill level 5 in Conjurations
 45085 | Zig:8    | Got a clouded iron ring
 45087 | Zig:8    | Identified the ring "Wecly" {+Blink rElec Str-5 Dex+8 Stlth+} (You found it on level 8 of a ziggurat)
 45103 | Zig:9    | Entered Level 9 of a ziggurat
 45113 | Zig:9    | Noticed a greater mummy
 45118 | Zig:9    | Killed a greater mummy
 45166 | Zig:10   | Entered Level 10 of a ziggurat
 45194 | Zig:10   | Got a twitching platinum amulet
 45196 | Zig:10   | Identified the amulet "Vivaddu" {Reflect rPois rC+ rN+ SH+3} (You found it on level 10 of a ziggurat)
 45231 | Zig:11   | Entered Level 11 of a ziggurat
 45241 | Zig:11   | Noticed a greater mummy
 45242 | Zig:11   | Noticed a greater mummy
 45246 | Zig:11   | Killed a greater mummy
 45247 | Zig:11   | Killed a greater mummy
 45270 | Zig:11   | Identified Caruthricaj's Almanac of Flight
 45303 | Zig:12   | Entered Level 12 of a ziggurat
 45318 | Zig:12   | Reached skill level 10 in Conjurations
 45332 | Zig:12   | Identified Uvenwiot's Almanac of Dusty Ice
 45346 | Zig:13   | Entered Level 13 of a ziggurat
 45362 | Zig:13   | Noticed Wag Labe the pandemonium lord
 45363 | Zig:13   | Noticed Icryd the pandemonium lord
 45367 | Zig:13   | Killed Wag Labe the pandemonium lord
 45368 | Zig:13   | Killed Icryd the pandemonium lord
 45379 | Zig:13   | Identified the ring of Isaklyw {rElec MR+ Str+3 Dex+5} (You found it on level 13 of a ziggurat)
 45385 | Zig:13   | Identified the Papyrus of the Enchanting Traveller
 45389 | Zig:13   | Reached skill level 15 in Conjurations
 45411 | Zig:14   | Entered Level 14 of a ziggurat
 45433 | Zig:14   | Reached skill level 15 in Invocations
 45447 | Zig:14   | Got a steaming lapis lazuli ring
 45451 | Zig:14   | Identified the Disquisition on Snow
 45455 | Zig:14   | Identified the ring of the Philosopher {rElec rF+ rC- rN++ MP+9} (You found it on level 14 of a ziggurat)
 45469 | Zig:15   | Entered Level 15 of a ziggurat
 45509 | Zig:15   | Identified the Grimoire of Snow and Contamination
 45525 | Zig:16   | Entered Level 16 of a ziggurat
 45543 | Zig:16   | Noticed an ancient lich
 45548 | Zig:16   | Killed an ancient lich
 45552 | Zig:16   | Found the +7 Singing Sword
 45583 | Zig:17   | Entered Level 17 of a ziggurat
 45607 | Zig:17   | Found the +9 staff of Wucad Mu {channel}
 45620 | Zig:17   | Found the cursed necklace of Bloodlust {*Rage +Rage MR++ Int-3 Slay+6 *Curse}
 45639 | Zig:17   | Identified the +1 hat "Ezeod" {rF+ Str+6 Int+3 Dex-2} (You acquired it on level 17 of a ziggurat)
 45642 | Zig:17   | Identified the Almanac of Confrontation
 45653 | Zig:18   | Entered Level 18 of a ziggurat
 45677 | Zig:18   | Found the +4 robe of Augmentation {Str+4 Int+4 Dex+4}
 45683 | Zig:18   | Got a scintillating steel ring
 45711 | Zig:19   | Entered Level 19 of a ziggurat
 45760 | Zig:19   | Identified the ring "Idomuq" {*Tele Stlth+} (You found it on level 18 of a ziggurat)
 45765 | Zig:19   | Got a brightly glowing ivory ring
 45766 | Zig:19   | Identified the ring "Urigowat" {*Contam +Fly rC- rN+++ MP+9} (You found it on level 19 of a ziggurat)
 45770 | Zig:19   | Identified Roedit's Tome of Mutagenic Contamination
 45774 | Zig:19   | Got a coiled amber ring
 45775 | Zig:19   | Identified the ring of Irrepressible Laughter {rF+ Dex+4} (You found it on level 19 of a ziggurat)
 45784 | Zig:19   | Identified Reish's Collected Works on Damaging Sinister Secrets
 45793 | Zig:20   | Entered Level 20 of a ziggurat
 45808 | Zig:20   | Noticed an ancient lich
 45811 | Zig:20   | Reached skill level 10 in Evocations
 45812 | Zig:20   | Killed an ancient lich
 45827 | Zig:20   | Found the +3 crown of Dyrovepreva {rElec Int+2 SInv}
 45835 | Zig:20   | Identified Pabefo's Handbook of Shifting Battle Magic
 45837 | Zig:20   | Identified the Collected Works on Destructive Poisoning
 45842 | Zig:20   | Identified the +2 large shield of Calculation {rC+} (You acquired it on level 20 of a ziggurat)
 45843 | Zig:20   | :O
 45848 | Zig:20   | Identified the Reference Book on the Entourage and Clay
 45862 | Zig:21   | Entered Level 21 of a ziggurat
 45875 | Zig:21   | Noticed a juggernaut
 45876 | Zig:21   | Noticed a juggernaut
 45878 | Zig:21   | Noticed a juggernaut
 45880 | Zig:21   | Noticed a juggernaut
 45880 | Zig:21   | Killed a juggernaut
 45881 | Zig:21   | Noticed a juggernaut
 45881 | Zig:21   | Killed a juggernaut
 45882 | Zig:21   | Noticed a juggernaut
 45882 | Zig:21   | Killed a juggernaut
 45884 | Zig:21   | Killed a juggernaut
 45885 | Zig:21   | Noticed a juggernaut
 45885 | Zig:21   | Killed a juggernaut
 45886 | Zig:21   | Killed a juggernaut
 45886 | Zig:21   | Killed a juggernaut
 45912 | Zig:21   | Identified the +2 robe "Vion" {rCorr Dex+4 SInv} (You found it on level 21 of a ziggurat)
 45939 | Zig:22   | Entered Level 22 of a ziggurat
 45961 | Zig:22   | Lost mutation: Your mind is acute. (Int +2) [a neqoxec]
 45963 | Zig:22   | Cast into level 3 of the Abyss (spatial maelstrom)
 46013 | Zig:22   | Escaped the Abyss
 46041 | Zig:22   | Identified The Tome of Greatest Risks and Utility
 46087 | Zig:23   | Entered Level 23 of a ziggurat
 46143 | Zig:23   | Identified the Handbook of the Poisonous Frostbite
 46151 | Zig:23   | Identified Qusorhysm's Almanac of Icy Changing
 46178 | Zig:24   | Entered Level 24 of a ziggurat
 46204 | Zig:24   | Reached skill level 27 in Invocations
 46324 | Zig:25   | Entered Level 25 of a ziggurat
 46379 | Zig:25   | Identified Sif Muna's Reference Book on the Escort and Transmutation
 46403 | Zig:25   | Learned a level 9 spell: Fire Storm
 46404 | Zig:26   | Entered Level 26 of a ziggurat
 46424 | Zig:26   | Noticed a juggernaut
 46425 | Zig:26   | Noticed a juggernaut
 46425 | Zig:26   | Noticed a juggernaut
 46425 | Zig:26   | Noticed a juggernaut
 46427 | Zig:26   | Killed a juggernaut
 46428 | Zig:26   | Killed a juggernaut
 46428 | Zig:26   | Killed a juggernaut
 46428 | Zig:26   | Killed a juggernaut
 46429 | Zig:26   | Noticed a juggernaut
 46430 | Zig:26   | Noticed a juggernaut
 46431 | Zig:26   | Noticed a juggernaut
 46441 | Zig:26   | Killed a juggernaut
 46443 | Zig:26   | Killed a juggernaut
 46443 | Zig:26   | Killed a juggernaut
 46575 | Zig:26   | Escaped the Abyss
 46581 | Zig:26   | Noticed a juggernaut
 46583 | Zig:26   | Killed a juggernaut
 46684 | Zig:26   | Reached skill level 15 in Evocations
 46691 | Zig:26   | Identified the +2 pair of boots "Emotz" {rCorr Int+3} (You found it on level 26 of a ziggurat)
 46697 | Zig:27   | Entered Level 27 of a ziggurat
 46711 | Zig:27   | Noticed Edyedweff the pandemonium lord
 46712 | Zig:27   | Corrupted Zig:27
 46724 | Zig:27   | Killed Edyedweff the pandemonium lord
 46735 | Zig:27   | Killed Zaxig the pandemonium lord
 46742 | Zig:27   | Killed Diaj the pandemonium lord
 46763 | Zig:27   | Noticed Pacs the pandemonium lord
 46767 | Zig:27   | Noticed Zochun the pandemonium lord
 46768 | Zig:27   | Noticed Cedeuw the pandemonium lord
 46769 | Zig:27   | Noticed Muqayd the pandemonium lord
 46772 | Zig:27   | Noticed Coleenor the pandemonium lord
 46772 | Zig:27   | Noticed Inliogg the pandemonium lord
 46772 | Zig:27   | Killed Pacs the pandemonium lord
 46773 | Zig:27   | Killed Cedeuw the pandemonium lord
 46773 | Zig:27   | Killed Zochun the pandemonium lord
 46774 | Zig:27   | Noticed Fusah the pandemonium lord
 46774 | Zig:27   | Noticed Umeberch the pandemonium lord
 46774 | Zig:27   | Killed Muqayd the pandemonium lord
 46775 | Zig:27   | Noticed Deanu the pandemonium lord
 46776 | Zig:27   | Noticed Tasyherux the pandemonium lord
 46777 | Zig:27   | Noticed Dyivaqom the pandemonium lord
 46777 | Zig:27   | Noticed Tahyi the pandemonium lord
 46777 | Zig:27   | Noticed Hinuen the pandemonium lord
 46777 | Zig:27   | Killed Inliogg the pandemonium lord
 46778 | Zig:27   | Noticed Leddeati the pandemonium lord
 46778 | Zig:27   | Noticed Xery the pandemonium lord
 46779 | Zig:27   | Noticed Beoleum the pandemonium lord
 46787 | Zig:27   | Noticed Micywky the pandemonium lord
 46790 | Zig:27   | Found the +3 salamander hide armour {+Rage rF++}
 46799 | Zig:27   | Identified the Disquisition on the Mutagenic Snowflakes
 46823 | Crypt:3  | Upgraded the game from 0.22-a0-377-g846bec1 to 0.22-a0-379-ga9d99d6
 47170 | Hell     | Entered the Vestibule of Hell
 47170 | Hell     | Noticed Geryon
 47186 | Hell     | Reached skill level 27 in Spellcasting
 47188 | Hell     | Killed Geryon
 47202 | Hell     | Noticed sankara's ghost (legendary GrEE)
 47208 | Hell     | Killed sankara's ghost
 47257 | Hell     | NormalPerson7: !hs * ogee
 47259 | Hell     | beem: 4247. Leszczynek the Shatterer (L27 OgEE of The Shining One), escaped with the Orb and 15 runes on 2016-08-21 19:38:54, with 26708839 points after 55875 turns and 8:30:25.
 47259 | Hell     | 4thArraOfDagon: no worries
 47265 | Hell     | Found a gateway to the decaying netherworld of Tartarus.
 47274 | Tar:1    | Entered Level 1 of Tartarus
 47275 | Tar:1    | NormalPerson7: no worries?
 47276 | Tar:1    | NormalPerson7: !stalk $p
 47276 | Tar:1    | beem: 4thArraOfDagon the L27 OgEE^Lucy in Tar:1 (cxc tiles), T:47274, runes: 5 (golden, silver, slimy...), defenses: 33/19/28, stats: 24/38/9, >15 skills: Fighting,Dodging,Shields,Unarmed Combat,Spellcasting,Conjurations,Translocations,Fire Magic,Air Magic,Earth Magic,Invocations,Evocations, Max skills: Spellcasting,Invocations
 47276 | Tar:1    | 4thArraOfDagon: no, I will try to rush some zigurats ;)
 47330 | Tar:2    | NormalPerson7: you not going for the high score then?
 47373 | Tar:4    | 4thArraOfDagon: no
 47433 | Tar:5    | NormalPerson7: ah ok
 47524 | Tar:7    | Entered Level 7 of Tartarus
 47709 | Tar:7    | Noticed an ancient lich
 47713 | Tar:7    | Killed an ancient lich
 47757 | Tar:7    | Identified the Catalogue of Ashen Good Luck
 47808 | Tar:7    | Identified Taruvue's Catalogue of Intoxication and Stones
 48032 | Tar:7    | Noticed an ancient lich
 48041 | Tar:7    | Killed an ancient lich
 48113 | Tar:7    | Noticed an ancient lich
 48121 | Tar:7    | Killed an ancient lich
 48206 | Tar:7    | Got a bone rune of Zot
 48321 | Hell     | Found a gateway to the freezing wastes of Cocytus.
 48340 | Coc:1    | Entered Level 1 of Cocytus
 48475 | Coc:7    | Entered Level 7 of Cocytus
 48478 | Coc:7    | Noticed the Serpent of Hell
 48489 | Coc:7    | Killed the Serpent of Hell
 48709 | Coc:7    | Gained mutation: You occasionally shout uncontrollably at your foes. [mutagenic glow]
 48727 | Coc:7    | Gained mutation: You are clumsy. (Dex -2) [mutagenic glow]
 48762 | Coc:7    | Noticed Antaeus
 48790 | Coc:7    | Killed Antaeus
 48827 | Coc:7    | Got an icy rune of Zot
 48848 | Coc:7    | Identified the Tome of Clay and Weightlessness
 48856 | Coc:7    | Identified Lunt's Guide on the Arsonist
 48881 | Coc:7    | p0werm0de: hola amig0z
 48904 | Hell     | 4thArraOfDagon: come sta
 48943 | Hell     | Found a gateway to the Iron City of Dis.
 48950 | Dis:1    | Entered Level 1 of the Iron City of Dis
 49214 | Dis:7    | Entered Level 7 of the Iron City of Dis
 49546 | Dis:7    | Noticed Dispater
 49562 | Dis:7    | Killed Dispater
 49569 | Dis:7    | Got an iron rune of Zot
 49718 | Hell     | Found a gateway to the ashen valley of Gehenna.
 49727 | Geh:1    | Entered Level 1 of Gehenna
 49858 | Geh:3    | p0werm0de: https://www.youtube.com/watch?v=yJ7O9nWBQhU
 50063 | Geh:7    | Entered Level 7 of Gehenna
 50151 | Geh:7    | Noticed Asmodeus
 50170 | Geh:7    | Killed Asmodeus
 50206 | Geh:7    | Got an obsidian rune of Zot
 50310 | Depths:3 | Learned a level 1 spell: Apportation
 50363 | Depths:3 | Found a one-way gate leading to the halls of Pandemonium.
 50384 | Pan      | Entered Pandemonium
 50519 | Pan      | Noticed Gegibet the pandemonium lord
 50523 | Pan      | Killed Gegibet the pandemonium lord
 50587 | Pan      | Found an exit through the horrors of the Abyss.
 50757 | Pan      | Cast into level 5 of the Abyss (the power of Zot)
 50757 | Abyss:5  | Entered Level 5 of the Abyss
 50762 | Abyss:5  | NormalPerson7: lol
 50774 | Abyss:5  | NormalPerson7: zot traps
 50778 | Abyss:5  | NormalPerson7: great mechanic
 50847 | Pan      | Escaped the Abyss
 50918 | Pan      | Noticed Peqyof the pandemonium lord
 50929 | Pan      | Killed Peqyof the pandemonium lord
 51131 | Pan      | Identified Epomn's Guide on Supportive Darkness
 51172 | Pan      | Entered the realm of Lom Lobon.
 51327 | Pan      | Got a magical rune of Zot
 51430 | Pan      | Entered the realm of Mnoleg.
 51496 | Pan      | Gained mutation: Your body sometimes deteriorates upon taking damage. [a cacodemon]
 51500 | Pan      | Gained mutation: Scrolls take you a little longer to read. [a neqoxec]
 51590 | Pan      | Noticed Mnoleg
 51615 | Pan      | Killed Mnoleg
 51649 | Pan      | Got a glowing rune of Zot
 51749 | Pan      | Entered the realm of Gloorx Vloq.
 51749 | Pan      | Noticed Gloorx Vloq
 51757 | Pan      | Killed Gloorx Vloq
 51765 | Pan      | Got a dark rune of Zot
 51787 | Pan      | Learned a level 9 spell: Glaciate
 51825 | Pan      | Reached skill level 1 in Ice Magic
 51843 | Pan      | Entered the realm of Cerebov.
 51849 | Pan      | Noticed Cerebov
 51879 | Abyss:1  | Reached skill level 5 in Ice Magic
 51990 | Pan      | Escaped the Abyss
 52001 | Pan      | Killed Cerebov
 52018 | Pan      | Got a fiery rune of Zot
 52106 | Pan      | Noticed Impiucvy the pandemonium lord
 52111 | Pan      | Killed Impiucvy the pandemonium lord
 52162 | Pan      | Noticed Lom Lobon
 52169 | Pan      | Corrupted Pan
 52173 | Pan      | wtf
 52175 | Pan      | Noticed Ahuduqes the pandemonium lord
 52197 | Pan      | Noticed Nabycir the pandemonium lord
 52208 | Pan      | Reached skill level 10 in Ice Magic
 52233 | Pan      | Found an exit through the horrors of the Abyss.
 52287 | Pan      | Killed Nabycir the pandemonium lord
 52319 | Pan      | Got a demonic rune of Zot
 52350 | Pan      | Took an exit into the Abyss.
 52350 | Abyss:1  | Escaped into the Abyss
 52360 | Abyss:1  | Found a snail-covered altar of Cheibriados.
 52361 | Abyss:1  | :(
 52585 | Abyss:3  | Got an abyssal rune of Zot
 52588 | Depths:3 | Escaped the Abyss
 52589 | Depths:3 | 4thArraOfDagon: !hs ogee
 52589 | Depths:3 | beem: No games for ogee (sc<1000000000).
 52589 | Depths:3 | 4thArraOfDagon: !hs * ogee
 52589 | Depths:3 | beem: 4247. Leszczynek the Shatterer (L27 OgEE of The Shining One), escaped with the Orb and 15 runes on 2016-08-21 19:38:54, with 26708839 points after 55875 turns and 8:30:25.
 52761 | Zot:5    | Entered Level 5 of the Realm of Zot
 52849 | Zot:5    | Noticed an orb of fire
 52858 | Zot:5    | Killed an orb of fire
 52861 | Zot:5    | Noticed an orb of fire
 52867 | Zot:5    | Killed an orb of fire
 52871 | Zot:5    | Noticed an orb of fire
 52872 | Zot:5    | Gained mutation: You are very clumsy. (Dex -4) [an orb of fire]
 52876 | Zot:5    | Killed an orb of fire
 52883 | Zot:5    | Noticed an ancient lich
 52884 | Zot:5    | Noticed an ancient lich
 52888 | Zot:5    | Noticed an orb of fire
 52888 | Zot:5    | Killed an ancient lich
 52892 | Zot:5    | Noticed an orb of fire
 52893 | Zot:5    | Killed an ancient lich
 52895 | Zot:5    | Gained mutation: You are occasionally teleported next to monsters. [an orb of fire]
 52898 | Zot:5    | Killed an orb of fire
 52901 | Zot:5    | Noticed an orb of fire
 52901 | Zot:5    | Killed an orb of fire
 52918 | Zot:5    | Lost mutation: You are very clumsy. (Dex -4) [potion of mutation]
 52918 | Zot:5    | Lost mutation: You are clumsy. (Dex -2) [potion of mutation]
 52918 | Zot:5    | Lost mutation: Your body sometimes deteriorates upon taking damage. [potion of mutation]
 52918 | Zot:5    | Lost mutation: You are somewhat resistant to further mutation. [potion of mutation]
 52918 | Zot:5    | Lost mutation: Scrolls take you a little longer to read. [potion of mutation]
 52918 | Zot:5    | Gained mutation: Armour fits poorly on your strangely shaped body. [potion of mutation]
 52918 | Zot:5    | Gained mutation: You are agile. (Dex +2) [potion of mutation]
 52918 | Zot:5    | Gained mutation: You are surrounded by a mild repulsion field. (EV +2) [potion of mutation]
 52919 | Zot:5    | Lost mutation: You occasionally shout uncontrollably at your foes. [potion of mutation]
 52919 | Zot:5    | Gained mutation: You are resistant to hostile enchantments. (MR+) [potion of mutation]
 52919 | Zot:5    | Lost mutation: Your spells are a little easier to cast, but a little less powerful. [potion of mutation]
 53059 | Zot:5    | Killed an orb of fire
 53059 | Zot:5    | Reached skill level 15 in Ice Magic
 53084 | Zot:5    | Noticed an orb of fire
 53089 | Zot:5    | Gained mutation: You are frail. (-10% HP) [an orb of fire]
 53093 | Zot:5    | Killed an orb of fire
 53178 | Zot:5    | Noticed an orb of fire
 53181 | Zot:5    | Gained mutation: Scrolls take you a little longer to read. [an orb of fire]
 53185 | Zot:5    | Killed an orb of fire
 53221 | Zot:5    | Lost mutation: Scrolls take you a little longer to read. [potion of mutation]
 53221 | Zot:5    | Lost mutation: You are partially covered in thin metallic scales. (AC +2) [potion of mutation]
 53221 | Zot:5    | Gained mutation: Your muscles are strong. (Str +2) [potion of mutation]
 53221 | Zot:5    | Gained mutation: You have large cloven feet. [potion of mutation]
 53221 | Zot:5    | Gained mutation: You are highly resistant to hostile enchantments. (MR++) [potion of mutation]
 53222 | Zot:5    | Lost mutation: You are agile. (Dex +2) [potion of mutation]
 53222 | Zot:5    | Lost mutation: Armour fits poorly on your strangely shaped body. [potion of mutation]
 53222 | Zot:5    | Lost mutation: You are frail. (-10% HP) [potion of mutation]
 53222 | Zot:5    | Gained mutation: You are agile. (Dex +2) [potion of mutation]
 53223 | Zot:5    | Lost mutation: You are occasionally teleported next to monsters. [potion of mutation]
 53223 | Zot:5    | Lost mutation: You are highly resistant to hostile enchantments. (MR++) [potion of mutation]
 53223 | Zot:5    | Gained mutation: Your skin changes colour to match your surroundings (Stealth+). [potion of mutation]
 53223 | Zot:5    | Gained mutation: You passively map a small area around you. [potion of mutation]
 53224 | Zot:5    | Lost mutation: Your flesh is cold resistant. (rC+) [potion of mutation]
 53224 | Zot:5    | Lost mutation: Your muscles are strong. (Str +2) [potion of mutation]
 53224 | Zot:5    | Gained mutation: You are highly resistant to hostile enchantments. (MR++) [potion of mutation]
 53225 | Zot:5    | Lost mutation: You passively map a small area around you. [potion of mutation]
 53225 | Zot:5    | Lost mutation: You are agile. (Dex +2) [potion of mutation]
 53225 | Zot:5    | Lost mutation: You have large cloven feet. [potion of mutation]
 53225 | Zot:5    | Gained mutation: You have supernaturally acute eyesight. (SInv) [potion of mutation]
 53225 | Zot:5    | Gained mutation: You have very sharp teeth. [potion of mutation]
 53228 | Zig:1    | Entered Level 1 of a ziggurat
 53241 | Zig:2    | Entered Level 2 of a ziggurat
 53259 | Zig:2    | Identified the +0 hat of Ugiusmoff {+Inv rF+ rC+ Dex+4} (You acquired it on level 2 of a ziggurat)
 53261 | Zig:3    | Entered Level 3 of a ziggurat
 53280 | Zig:4    | Entered Level 4 of a ziggurat
 53282 | Zig:4    | Noticed Nuth the pandemonium lord
 53292 | Zig:4    | Killed Nuth the pandemonium lord
 53326 | Zig:5    | Entered Level 5 of a ziggurat
 53354 | Zig:6    | Entered Level 6 of a ziggurat
 53391 | Zig:7    | Entered Level 7 of a ziggurat
 53409 | Zig:7    | Got a serpentine wooden ring
 53411 | Zig:7    | Got a scorched platinum ring
 53416 | Zig:8    | Entered Level 8 of a ziggurat
 53439 | Zig:8    | Found the +9 staff of Olgreb {rPois}
 53460 | Zig:9    | Entered Level 9 of a ziggurat
 53469 | Zig:9    | Noticed a greater mummy
 53469 | Zig:9    | Noticed a greater mummy
 53474 | Zig:9    | Noticed a greater mummy
 53474 | Zig:9    | Noticed a greater mummy
 53476 | Zig:9    | Killed a greater mummy
 53476 | Zig:9    | Killed a greater mummy
 53476 | Zig:9    | Killed a greater mummy
 53477 | Zig:9    | Killed a greater mummy
 53488 | Zig:9    | p0werm0de: nukage
 53515 | Zig:10   | Entered Level 10 of a ziggurat
 53552 | Zig:10   | Identified the amulet "Yreamood" {Faith Str+5 SInv} (You found it on level 10 of a ziggurat)
 53557 | Zig:10   | Identified the ring "Taoc" {Fire +Fly Str+6 Dex-4} (You found it on level 10 of a ziggurat)
 53561 | Zig:11   | Entered Level 11 of a ziggurat
 53605 | Zig:12   | Entered Level 12 of a ziggurat
 53653 | Zig:13   | Entered Level 13 of a ziggurat
 53668 | Zig:13   | Reached skill level 27 in Evocations
 53681 | Zig:13   | Identified the Catalogue of Combat Magic
 53694 | Zig:13   | Identified the ring of Zoaw {rPois Str+3 Int+4 Slay-2} (You found it on level 13 of a ziggurat)
 53698 | Zig:14   | Entered Level 14 of a ziggurat
 53751 | Zig:15   | Entered Level 15 of a ziggurat
 53765 | Zig:15   | Noticed a greater mummy
 53765 | Zig:15   | Noticed a greater mummy
 53765 | Zig:15   | Noticed a greater mummy
 53765 | Zig:15   | Noticed a greater mummy
 53768 | Zig:15   | Killed a greater mummy
 53768 | Zig:15   | Killed a greater mummy
 53769 | Zig:15   | Killed a greater mummy
 53769 | Zig:15   | Killed a greater mummy
 53799 | Zig:15   | Identified the amulet "Vohapn" {Harm *Drain rPois rF+ rN+ Int+3} (You found it on level 15 of a ziggurat)
 53807 | Zig:15   | Identified the Tome of Supportive Protection
 53815 | Zig:15   | Identified Sif Muna's Guide on Summoning and the Rocks
 53824 | Zig:16   | Entered Level 16 of a ziggurat
 53889 | Zig:16   | Identified the cursed +0 gold dragon scales of the Trees {rPois rF+ rC+ Int+3} (You found it on level 16 of a ziggurat)
 53916 | Zig:17   | Entered Level 17 of a ziggurat
 53925 | Zig:17   | Noticed a juggernaut
 53928 | Zig:17   | Noticed a juggernaut
 53930 | Zig:17   | Noticed a juggernaut
 53931 | Zig:17   | Killed a juggernaut
 53931 | Zig:17   | Killed a juggernaut
 53932 | Zig:17   | Noticed a juggernaut
 53932 | Zig:17   | Noticed a juggernaut
 53933 | Zig:17   | Noticed a juggernaut
 53933 | Zig:17   | Killed a juggernaut
 53936 | Zig:17   | Killed a juggernaut
 53937 | Zig:17   | Killed a juggernaut
 53937 | Zig:17   | Killed a juggernaut
 53965 | Zig:17   | Identified the Disquisition on the Blaze and Companions
 53976 | Zig:18   | Entered Level 18 of a ziggurat
 54006 | Zig:18   | Noticed 4thArraOfDagon's ghost (legendary SpFE)
 54006 | Zig:18   | :O
 54010 | Zig:18   | Killed 4thArraOfDagon's ghost
 54011 | Zig:18   | rip bud
 54046 | Zig:18   | Identified the Collected Works on Ghastly Venom
 54051 | Zig:18   | Identified the ring of the Dolphin {rC+ MR+ MP-9 Int+6 Stlth+} (You found it on level 18 of a ziggurat)
 54065 | Zig:18   | Identified the ring of Addotazoch {*Tele Int+2} (You found it on level 7 of a ziggurat)
 54066 | Zig:18   | Identified the ring "Onge" {Ice MR- Dex+4 Stlth+} (You found it on level 7 of a ziggurat)
 54071 | Zig:19   | Entered Level 19 of a ziggurat
 54110 | Zig:19   | Identified the amulet of Tyekk {RegenMP *Contam rF+ Str+4} (You found it on level 19 of a ziggurat)
 54123 | Zig:19   | Identified the Compendium of Unstable Stones
 54137 | Zig:20   | Entered Level 20 of a ziggurat
 54156 | Zig:20   | hi
 54156 | Zig:20   | bye
 54156 | Zig:20   | Reached skill level 27 in Fighting
 54171 | Zig:20   | Identified the ring "Upisok" {Fire rElec Dex+3 Slay+3} (You found it on level 20 of a ziggurat)
 54202 | Zig:21   | Entered Level 21 of a ziggurat
 54248 | Zig:21   | Found the +7 sceptre of Torment
 54263 | Zig:21   | Identified the Reference Book on Venom
 54277 | Zig:22   | Entered Level 22 of a ziggurat
 54296 | Zig:22   | hi and bye
 54298 | Zig:22   | Reached skill level 27 in Conjurations
 54316 | Zig:22   | Identified the amulet of the Stag {Gourm rPois rN+ Int+2} (You found it on level 22 of a ziggurat)
 54323 | Zig:23   | Entered Level 23 of a ziggurat
 54358 | Zig:23   | Found the +2 Maxwell's thermic engine {flame, freeze, rF- rC-}
 54384 | Zig:24   | Entered Level 24 of a ziggurat
 54512 | Zig:24   | Identified the amulet "Qeur" {rPois MR- Regen+ Stlth+} (You found it on level 24 of a ziggurat)
 54522 | Zig:24   | Identified the ring of Elyrphuyh {+Blink MP+9 Str+4} (You found it on level 24 of a ziggurat)
 54523 | Zig:24   | Identified the Incunabulum of Dislocation and the Snowflakes
 54535 | Zig:24   | Identified the ring "Atis" {Wiz Int+4} (You found it on level 24 of a ziggurat)
 54553 | Zig:25   | Entered Level 25 of a ziggurat
 54568 | Zig:25   | Noticed an ancient lich
 54570 | Zig:25   | Noticed an ancient lich
 54571 | Zig:25   | Noticed an ancient lich
 54571 | Zig:25   | Noticed an ancient lich
 54572 | Zig:25   | Noticed an ancient lich
 54572 | Zig:25   | Noticed an ancient lich
 54572 | Zig:25   | Noticed an ancient lich
 54572 | Zig:25   | Noticed an ancient lich
 54573 | Zig:25   | Noticed an ancient lich
 54573 | Zig:25   | hi and bye
 54574 | Zig:25   | Killed an ancient lich
 54575 | Zig:25   | Noticed an ancient lich
 54575 | Zig:25   | Noticed an ancient lich
 54575 | Zig:25   | Killed an ancient lich
 54575 | Zig:25   | Killed an ancient lich
 54575 | Zig:25   | Killed an ancient lich
 54575 | Zig:25   | Killed an ancient lich
 54575 | Zig:25   | Killed an ancient lich
 54575 | Zig:25   | Killed an ancient lich
 54575 | Zig:25   | Killed an ancient lich
 54575 | Zig:25   | Killed an ancient lich
 54577 | Zig:25   | Noticed an ancient lich
 54578 | Zig:25   | Killed an ancient lich
 54580 | Zig:25   | Killed an ancient lich
 54580 | Zig:25   | Killed an ancient lich
 54584 | Zig:25   | Found the +8 mithril axe "Arga" {speed, MR+}
 54612 | Zig:25   | Identified the cursed ring of the Endless Expanse {rElec rN++ Str-2 Dex+3 Stlth-} (You found it on level 25 of a ziggurat)
 54622 | Zig:25   | Identified the cursed +1 crystal plate armour of the Heavens {rCorr Str-3 Int+2 Dex+4} (You found it on level 25 of a ziggurat)
 54631 | Zig:26   | Entered Level 26 of a ziggurat
 54657 | Zig:26   | Reached skill level 27 in Dodging
 54659 | Zig:26   | Reached skill level 15 in Necromancy
 54671 | Zig:26   | Found the +10 dark maul {crush}
 54681 | Zig:26   | Identified the Catalogue of Bewitching Changing
 54691 | Zig:26   | Got a warped turquoise ring
 54696 | Zig:26   | Got a twitching graven amulet
 54704 | Zig:27   | Entered Level 27 of a ziggurat
 54718 | Zig:27   | Noticed Doodet the pandemonium lord
 54721 | Zig:27   | Noticed Utueg the pandemonium lord
 54724 | Zig:27   | Killed Doodet the pandemonium lord
 54725 | Zig:27   | Killed Utueg the pandemonium lord
 54728 | Zig:27   | Noticed Geabrud the pandemonium lord
 54731 | Zig:27   | Noticed Vipifori the pandemonium lord
 54731 | Zig:27   | Noticed Womuy the pandemonium lord
 54731 | Zig:27   | Noticed Ewaoblet the pandemonium lord
 54731 | Zig:27   | Noticed Nawupaf the pandemonium lord
 54732 | Zig:27   | Noticed Teozus the pandemonium lord
 54732 | Zig:27   | Killed Geabrud the pandemonium lord
 54733 | Zig:27   | Noticed Sidujun the pandemonium lord
 54733 | Zig:27   | Killed Womuy the pandemonium lord
 54734 | Zig:27   | Noticed Deit the pandemonium lord
 54735 | Zig:27   | Noticed Giqeq the pandemonium lord
 54736 | Zig:27   | Killed Ewaoblet the pandemonium lord
 54738 | Zig:27   | Noticed Yfot the pandemonium lord
 54744 | Zig:27   | Killed Nawupaf the pandemonium lord
 54746 | Zig:27   | Killed Vipifori the pandemonium lord
 54746 | Zig:27   | Killed Sidujun the pandemonium lord
 54750 | Zig:27   | Killed Teozus the pandemonium lord
 54752 | Zig:27   | Killed Giqeq the pandemonium lord
 54757 | Zig:27   | Killed Deit the pandemonium lord
 54758 | Zig:27   | Noticed Pudij the pandemonium lord
 54761 | Zig:27   | Killed Pudij the pandemonium lord
 54765 | Zig:27   | Killed Yfot the pandemonium lord
 54766 | Zig:27   | Noticed Siatatig the pandemonium lord
 54767 | Zig:27   | Killed Siatatig the pandemonium lord
 54769 | Zig:27   | Noticed Nuxzumav the pandemonium lord
 54774 | Zig:27   | Noticed Esuonuk the pandemonium lord
 54774 | Zig:27   | Noticed Wuv Uppi the pandemonium lord
 54775 | Zig:27   | Noticed Etil the pandemonium lord
 54776 | Zig:27   | Noticed Nokeisoc the pandemonium lord
 54776 | Zig:27   | Noticed Vuargh the pandemonium lord
 54776 | Zig:27   | Killed Nuxzumav the pandemonium lord
 54781 | Zig:27   | Noticed Ickel the pandemonium lord
 54788 | Zig:27   | Killed Esuonuk the pandemonium lord
 54788 | Zig:27   | Killed Wuv Uppi the pandemonium lord
 54791 | Zig:27   | Noticed Biti the pandemonium lord
 54793 | Zig:27   | Killed Vuargh the pandemonium lord
 54794 | Zig:27   | Killed Nokeisoc the pandemonium lord
 54795 | Zig:27   | Noticed Pepri the pandemonium lord
 54796 | Zig:27   | Killed Biti the pandemonium lord
 54799 | Zig:27   | Noticed Liyt the pandemonium lord
 54799 | Zig:27   | Noticed Wijech the pandemonium lord
 54799 | Zig:27   | Killed Ickel the pandemonium lord
 54800 | Zig:27   | Noticed Wophiawk the pandemonium lord
 54801 | Zig:27   | Noticed Taqoor the pandemonium lord
 54807 | Zig:27   | Killed Etil the pandemonium lord
 54807 | Zig:27   | Killed Liyt the pandemonium lord
 54807 | Zig:27   | Killed Pepri the pandemonium lord
 54809 | Zig:27   | Killed Taqoor the pandemonium lord
 54809 | Zig:27   | Killed Wijech the pandemonium lord
 54810 | Zig:27   | Killed Wophiawk the pandemonium lord
 54819 | Zig:27   | Noticed Keot the pandemonium lord
 54820 | Zig:27   | Noticed Ochiutod the pandemonium lord
 54821 | Zig:27   | Killed Ochiutod the pandemonium lord
 54821 | Zig:27   | Killed Keot the pandemonium lord
 54833 | Zig:27   | Noticed Urghye the pandemonium lord
 54838 | Zig:27   | Killed Urghye the pandemonium lord
 54888 | Zig:27   | Found the +10 large shield of Ignorance {rN+ Int-4}
 54916 | Zig:27   | Identified the amulet "Xadd" {Faith *Drain rN+ Dex+4 Slay+2} (You found it on level 26 of a ziggurat)
 54919 | Zig:27   | Identified the ring "Sonui" {AC+2 Dex+9} (You found it on level 26 of a ziggurat)
 54929 | Zot:5    | 4thArraOfDagon: where is my figurine
 54929 | Zot:5    | Rhok: Oo
 54929 | Zot:5    | 4thArraOfDagon: there is no warning?
 54929 | Zot:5    | 4thArraOfDagon: o_0
 54929 | Zot:5    | p0werm0de: did ya open zig?
 54929 | Zot:5    | p0werm0de: ignornce
 54930 | Zot:5    | p0werm0de: ß1
 54930 | Zot:5    | p0werm0de: https://youtu.be/IBHRazGmR1w?t=259
 54930 | Zot:5    | p0werm0de: watched the following 4 minutes now 5x ~~
 54930 | Zot:5    | p0werm0de: aka listen
 54930 | Zot:5    | p0werm0de: too trippy
 54930 | Zot:5    | 4thArraOfDagon: oka
 54930 | Zot:5    | 4thArraOfDagon: nothing else do to ;)
 54930 | Zot:5    | p0werm0de: :P
 54930 | Zot:5    | 4thArraOfDagon: lets just listen
 54930 | Zot:5    | 4thArraOfDagon: and let the rage go away
 54930 | Zot:5    | 4thArraOfDagon: https://legowelt.bandcamp.com/track/paradoxal-science-2
 54941 | Zot:5    | Got the Orb of Zot
 55253 | D:14     | Noticed Imaamuinaa the pandemonium lord
 55460 | D:4      | Noticed Usyxzuon the pandemonium lord
 55466 | D:4      | Killed Usyxzuon the pandemonium lord
 55549 | D:1      | 4thArraOfDagon: 55875
 55683 | D:1      | Noticed Plog the pandemonium lord
 55691 | D:1      | Killed Plog the pandemonium lord
 55876 | D:1      | 4thArraOfDagon: ok, past it
 55905 | D:1      | Noticed Veup Bud the pandemonium lord
 55910 | D:1      | Killed Veup Bud the pandemonium lord
 55922 | D:1      | Noticed an ancient lich
 55924 | D:1      | Killed an ancient lich
 55936 | D:$      | Escaped with the Orb!

Vault maps used:
D:1:      lightli_arrival_statue_moat, hangedman_decor_slide_cut
D:2:      lemuel_crystal_altar, chequers_ecumenical_altar_grove,
          chequers_big_river, item_on_display_a, uniq_natasha
D:3:      grunt_temple_overflow_magic_moments, fedhas_altar_1, zin_scriptorium,
          tgw_sif
D:4:      makhleb_blood_cavern_becter, lemuel_round_altar,
          okawaru_metal_pillars_1_2, cheibrodos_ashenzari_chains,
          trog_hazing_becter
D:5:      temple_fountains, first_ration
D:7:      marbit_many_paths, enter_ossuary_3
D:8:      lemuel_doored_altar, uniq_pikel
D:9:      gammafunk_temple_overflow_claw, nicolae_overflow_hidden_temple,
          minmay_orc_entry_guard_dogs, the_bakery
D:10:     lair_entry_dummy, serial_shops,
          nicolae_shop_temple_entry_statues_fountains, uniq_snorg
D:12:     serial_shops, shop, shop, minivault_27, minmay_strange_pillars,
          uniq_sonja, uniq_rupert
D:13:     gammafunk_wand_slinger
D:14:     david_vaults_2, kennysheep_nondescript
D:15:     gammafunk_enter_depths_forms, roderic_lattice_octagonal_star,
          nooodl_orcs_dogs
Temple:   corrupted_temple
Lair:1:   minmay_guarded_unrand_snakebite, serial_bayou_shore_b
Lair:2:   minmay_shoals_entry_hut, guppyfry_snake_entry_garden,
          beast_lair_carwin_8
Lair:3:   minmay_lair_oklob_tunnel, beast_lair_carwin_1
Lair:4:   basic_altar, minmay_lair_oklob_chamber, uniq_urug
Lair:5:   slime_dummy, serial_bayou_shore_b
Lair:6:   evil_forest, grunt_megastairs_2, serial_bayou_shore_b,
          serial_bayou_shore_a
Shoals:2: serial_shops, nicolae_shop_crystal
Shoals:3: cheibrodos_shoals_satyrical_garden, serial_shops,
          nicolae_shop_overgrown_old_shop
Shoals:4: shoals_end_grunt_garden, shoals_ilsuiw_ice
Snake:1:  uniq_aizul, uniq_louise
Snake:2:  st_stairs_4, nicolae_snake_linked_coils, nrook_loot_triangle,
          lightli_airlock, uniq_kirke, uniq_nikola
Snake:3:  cheibrodos_toxic_ritual, serial_shops, shop, grunt_ministairs_10
Snake:4:  johnstein_snake_rune_scales, serial_bayou_pond_b
Orc:1:    orc_temple, basic_altar, mines1_david
Orc:2:    grunt_orc_cross, serial_shops, shop_fountains,
          portal_ice_cave_entry_imps
Elf:1:    serial_shops, shop, hangedman_elf_disciples, st_stairs_3, uniq_azrael
Elf:2:    serial_shops, nicolae_shop_window_shopping, shop_coins, shop, shop,
          item_on_display_a
Elf:3:    elf_hall_gauntlet_wide
Vaults:1: nicolae_vaults_asterisk, hangedman_vaults_snaps, v_alt_pattern_5,
          vaults_room_semicircle, v_rooms_1, nicolae_vaults_network_quinsquares,
          v_misc_30, ontoclasm_vaults_ring_small, nicolae_vaults_alarming,
          st_hourglassy, nicolae_vaults_asterisk,
          nicolae_vaults_little_squares_2
Vaults:2: st_diamondy, stair_cage_open, grunt_vaults_funnel,
          vaults_room_corners, hangedman_vaults_corner, vaults_standard_mumra_x,
          v_misc_12, vaults_room_stairs_pillars, enter_trove_5
Vaults:3: v_alt_pattern_6, vaults_room_pool, st_cross, hangedman_vaults_nodes,
          nicolae_vaults_ring_of_whatevers, minmay_crypt_entry_skeletal_spiral,
          ontoclasm_vaults_pinch, vaults_mumra_hexcomb, v_misc_29,
          nicolae_vaults_diagonal_hallway_6, nicolae_vaults_yaktaur_gun_rack,
          nicolae_vaults_asterisk, serial_shops, bzr_entry_islet, uniq_mennas,
          uniq_jory, uniq_frederick
Vaults:4: nicolae_vaults_big_angled_halls, vaults_room_boxed,
          grunt_vaults_swirl, v_rooms_6, v_misc_19, nicolae_vaults_triangles,
          v_misc_23, ontoclasm_vaults_ring_large, nicolae_vaults_murderbox,
          grunt_vaults_twisty, vaults_room_pool, hangedman_vaults_trim,
          vaults_dpeg_encased_lava
Vaults:5: serial_shops, uniq_xtahua
Crypt:1:  skrybe_necro_troll_1, uniq_bai_suzhen
Crypt:2:  door_vault, uniq_boris
Crypt:3:  quadcrypt_mu
Depths:1: lemuel_troll_bridge, hell_entry, grunt_decor_resistance,
          dpeg_stationary_puzzle
Depths:2: minmay_roctagon, hell_entry, abyss_entry_crystal, nicolae_wwwww,
          hangedman_decor_points, minmay_misc_feat_four_crosses, uniq_mara
Depths:3: kennysheep_big_flooded_room, enter_ziggurat_a, hell_entry,
          grunt_pan_entry_sceptre, small_statue_intersection, uniq_margery,
          uniq_boris, uniq_asterion, uniq_sojobo
Depths:4: minmay_octagon_city, abyss_entry, grunt_hell_entry_dis_old,
          nrook_mini_backslash, minmay_misc_feat_pillars,
          infiniplex_staircase_zigzag_3
Depths:5: grunt_zot_entry_tricorne, hell_entry, hangedman_abyss_entry_splay,
          minmay_misc_feat_doors
Dis:6:    hangedman_dis_decor_blocks_talon, grunt_megastairs_1
Dis:7:    dis_st
Geh:4:    hangedman_generic_boss_arena
Geh:5:    hangedman_elemental_grid_stream
Geh:7:    evilmike_geh
Coc:6:    lemuel_elevator
Coc:7:    coc_old
Tar:7:    tar_grunt_cathedral
Zot:1:    grunt_zot_stairs_faceoff
Zot:2:    hangedman_spider_trapstep
Zot:4:    grunt_megastairs_5
Abyss:2:  hangedman_abyss_or_decor_lesser_grid
Abyss:3:  minivault_26, nicolae_abyss_rune_left_handed,
          evilmike_nicolae_abyss_rune_betentacled_crabyss,
          evilmike_abyss_rune_siren_acolytes, hangedman_cross_veins,
          evilmike_nicolae_abyss_rune_containment_curve
Abyss:5:  evilmike_abyss_exit_kraken, minivault_27, minivault_25_ag,
          hangedman_abyss_or_decor_slice, minivault_25_ag, minivault_22,
          grunt_abyss_rune_wretched_hive
Pan:      grunt_pan_spiral, grunt_pan_in_and_out, nicolae_pan_gloorx_vloqian_3,
          evilmike_mini_pan_pillars_b, rand_demon_4, pan_blood_fountain,
          evilmike_mini_pan_corner, evilmike_mini_pan_murderfest,
          nicolae_pan_lom_lobonic_2, lom_lobon_st, grunt_pan_sceptre, mnoleg_st,
          pan_blood_fountain_small, gloorx_vloq_st, uniq_lom_lobon,
          cerebov_grunt, pan_blood_fountain_small, rand_demon_2,
          evilmike_mini_pan_corner, uniq_lom_lobon, pan_blood_fountain_small,
          nicolae_pan_hourglass
Zig:9:    ziggurat_pillar_centre_smoke
Zig:11:   ziggurat_pillar_centre_dead_trees
Zig:15:   ziggurat_pillar_centre_oklobs
Zig:17:   ziggurat_pillar_centre_c
Zig:18:   ziggurat_pillar_centre_more_plants
Zig:22:   ziggurat_pillar_centre_drop
Bazaar:   bazaar_kenran_forest_clearing
Ossuary:  ossuary_minmay_tomb_2a
IceCv:    ice_cave_small_demon

Skill      XL: |  1  2  3  4  5  6  7  8  9 10 11 12 13 14 15 16 17 18 19 20 21 22 23 24 25 26 27 |
---------------+----------------------------------------------------------------------------------+-----
Earth Magic    | 3 4 5 6 7 9 10 11 12 13 14 15 16 17 18 21 23 | 23.0
Spellcasting   | 3 4 5 6 7 8 9 10 11 12 13 14 15 16 17 19 27 | 27.0
Invocations    | 1 2 4 5 7 8 9 10 27 | 27.0
Fighting       | 2 5 6 8 9 10 11 12 13 14 16 18 27 | 27.0
Transmutations | 2 4 6 7 |  7.4
Unarmed Combat | 1 4 6 7 9 11 12 13 14 15 17 18 19 20 | 20.0
Dodging        | 3 4 6 7 8 10 14 15 27 | 27.0
Shields        | 5 8 9 10 13 15 | 15.0
Necromancy     | 5 7 15 | 15.6
Air Magic      | 4 22 | 22.0
Fire Magic     | 22 | 22.9
Armour         | 4 |  4.0
Translocations | 19 | 19.1
Evocations     | 27 | 27.0
Conjurations   | 27 | 27.0
Ice Magic      | 23 | 23.4
Stealth        | |  1.4

Action                   |  1- 3 |  4- 6 |  7- 9 | 10-12 | 13-15 | 16-18 | 19-21 | 22-24 | 25-27 || total
-------------------------+-------+-------+-------+-------+-------+-------+-------+-------+-------++-------
Melee: Spear             |    19 |    67 |       |       |       |       |       |       |       ||    86
       Giant club        |       |    23 |       |       |       |       |       |       |       ||    23
       Whip              |       |    49 |   139 |   193 |       |       |       |       |       ||   381
       Staff             |       |       |     3 |       |       |       |       |       |    12 ||    15
       Unarmed           |       |       |       |   215 |  1027 |  1086 |  1425 |  1265 |  3072 ||  8090
       Bite              |       |       |       |    24 |    87 |    89 |   139 |   113 |   183 ||   635
       Punch             |       |       |       |     8 |    34 |    13 |       |       |       ||    55
Throw: Throwing net      |       |       |       |     1 |       |       |       |       |       ||     1
 Cast: Sandblast         |    15 |    56 |    89 |    49 |       |       |       |       |       ||   209
       Lee's Rapid Decon |       |       |    22 |    68 |    42 |    35 |     7 |    29 |    63 ||   266
       Statue Form       |       |       |       |    18 |    76 |   100 |    90 |    56 |   303 ||   643
       Petrify           |       |       |       |     3 |       |       |       |       |       ||     3
       Regeneration      |       |       |       |       |       |     5 |     4 |    10 |   435 ||   454
       Blink             |       |       |       |       |       |     3 |       |       |       ||     3
       Iron Shot         |       |       |       |       |       |     1 |       |     3 |    88 ||    92
       Shatter           |       |       |       |       |       |       |       |       |   448 ||   448
       Tornado           |       |       |       |       |       |       |       |       |   348 ||   348
       Sublimation of Bl |       |       |       |       |       |       |       |       |   316 ||   316
       Ignition          |       |       |       |       |       |       |       |       |    82 ||    82
       Fire Storm        |       |       |       |       |       |       |       |       |    80 ||    80
       Apportation       |       |       |       |       |       |       |       |       |    23 ||    23
       Glaciate          |       |       |       |       |       |       |       |       |    23 ||    23
       Controlled Blink  |       |       |       |       |       |       |       |       |    21 ||    21
       Deflect Missiles  |       |       |       |       |       |       |       |       |     8 ||     8
Invok: Bend Space        |       |       |       |     2 |       |       |       |       |       ||     2
       Banish            |       |       |       |     3 |       |       |       |       |    14 ||    17
       Depart the Abyss  |       |       |       |       |     1 |     2 |       |       |     2 ||     5
       Enter the Abyss   |       |       |       |       |       |       |       |       |     6 ||     6
       Corrupt           |       |       |       |       |       |       |       |       |     2 ||     2
 Abil: End Transformatio |       |       |       |     1 |    16 |    30 |    25 |    24 |   136 ||   232
Evoke: Wand              |       |     2 |    14 |     3 |     1 |     2 |     1 |     1 |    34 ||    58
       Box of beasts     |       |       |       |       |       |       |     2 |       |       ||     2
       Lamp of fire      |       |       |       |       |       |       |     1 |       |       ||     1
       Staff of Wucad Mu |       |       |       |       |       |       |       |       |   189 ||   189
       Figurine of a zig |       |       |       |       |       |       |       |       |     2 ||     2
  Use: Scroll            |       |       |    15 |    10 |     7 |    33 |    17 |     9 |   122 ||   213
       Potion            |       |       |     3 |     4 |     1 |       |     6 |     3 |    85 ||   102
 Stab: Sleeping          |     1 |     6 |     1 |       |     1 |       |       |     1 |       ||    10
       Petrified         |       |       |       |       |       |       |     3 |       |       ||     3
       Petrifying        |       |       |       |       |       |       |     2 |       |       ||     2
       Distracted        |       |       |       |       |       |       |       |     1 |     2 ||     3
  Eat: Chunk             |       |     4 |    17 |    20 |    50 |    55 |    24 |    25 |    44 ||   239
       Ration            |       |     1 |       |     7 |     3 |     2 |     7 |     2 |    55 ||    77
Armor: Robe              |     6 |    22 |    38 |    64 |       |       |       |       |    16 ||   146
       Skin              |       |       |    16 |   194 |   886 |   825 |   793 |   529 |  2669 ||  5912
       Troll leather arm |       |       |       |       |    17 |     7 |    25 |     3 |     7 ||    59
Dodge: Dodged            |    18 |    84 |   129 |   282 |   801 |   980 |   993 |   673 |  3024 ||  6984
       Deflected         |       |       |       |       |       |       |       |       |    86 ||    86
Block: Shield            |       |       |       |       |       |   672 |  1495 |   279 |       ||  2446
       Large shield      |       |       |       |       |       |       |       |   958 |  7260 ||  8218

Table legend:
 A = Spawn XP
 B = Non-spawn XP
 C = Spawn XP percentage of total XP
 D = Spawn monster count
 E = Non-spawn monster count
 F = Spawn count percentage of total count
 G = Total turns spent on level
                    A         B        C        D         E        F      G
               +---------+---------+-------+---------+---------+-------+---------
         Total |   70180 | 6545947 |   1.1 |     105 |    6692 |   1.5 | 55936
               +---------+---------+-------+---------+---------+-------+---------
           D:1 |       0 |      32 |   0.0 |       0 |      19 |   0.0 |  1349
           D:2 |       0 |      87 |   0.0 |       0 |      16 |   0.0 |   846
           D:3 |       0 |     173 |   0.0 |       0 |      18 |   0.0 |   596
           D:4 |       0 |     289 |   0.0 |       0 |      16 |   0.0 |  1012
           D:5 |       0 |     788 |   0.0 |       0 |      30 |   0.0 |   933
           D:6 |       0 |     908 |   0.0 |       0 |      25 |   0.0 |   610
           D:7 |       0 |     687 |   0.0 |       0 |      28 |   0.0 |   725
           D:8 |       0 |    1463 |   0.0 |       0 |      29 |   0.0 |   672
           D:9 |       0 |    4600 |   0.0 |       0 |      29 |   0.0 |   965
          D:10 |       0 |    3718 |   0.0 |       0 |      29 |   0.0 |  1029
          D:11 |       0 |    1638 |   0.0 |       0 |      22 |   0.0 |   885
          D:12 |       0 |   11127 |   0.0 |       0 |      45 |   0.0 |  1020
          D:13 |       0 |    7658 |   0.0 |       0 |      39 |   0.0 |  1078
          D:14 |       0 |   11577 |   0.0 |       0 |      41 |   0.0 |   888
          D:15 |       0 |   19105 |   0.0 |       0 |      56 |   0.0 |  1096
        Lair:1 |       0 |    2765 |   0.0 |       0 |      15 |   0.0 |   187
        Lair:2 |       0 |    5097 |   0.0 |       0 |      18 |   0.0 |   452
        Lair:3 |       0 |    5726 |   0.0 |       0 |      16 |   0.0 |   171
        Lair:4 |       0 |    3707 |   0.0 |       0 |      13 |   0.0 |   219
        Lair:5 |       0 |   12993 |   0.0 |       0 |      24 |   0.0 |   409
        Lair:6 |       0 |   19196 |   0.0 |       0 |      50 |   0.0 |   656
      Shoals:1 |       0 |    4300 |   0.0 |       0 |       7 |   0.0 |   363
      Shoals:2 |       0 |   12812 |   0.0 |       0 |      26 |   0.0 |   608
      Shoals:3 |       0 |   18205 |   0.0 |       0 |      37 |   0.0 |   868
      Shoals:4 |       0 |   40214 |   0.0 |       0 |      68 |   0.0 |  1008
       Snake:1 |       0 |   13987 |   0.0 |       0 |      26 |   0.0 |   484
       Snake:2 |       0 |   25850 |   0.0 |       0 |      37 |   0.0 |   733
       Snake:3 |       0 |   26692 |   0.0 |       0 |      50 |   0.0 |   669
       Snake:4 |       0 |   55945 |   0.0 |       0 |      98 |   0.0 |  1129
       Slime:1 |       0 |    7868 |   0.0 |       0 |      21 |   0.0 |   181
       Slime:2 |       0 |   12307 |   0.0 |       0 |      29 |   0.0 |   224
       Slime:3 |       0 |    3039 |   0.0 |       0 |       3 |   0.0 |    28
       Slime:4 |       0 |   13468 |   0.0 |       0 |      12 |   0.0 |   145
       Slime:5 |       0 |   38504 |   0.0 |       0 |      29 |   0.0 |   488
         Orc:1 |       0 |    8337 |   0.0 |       0 |      65 |   0.0 |   968
         Orc:2 |       0 |   11920 |   0.0 |       0 |      82 |   0.0 |  1136
         Elf:1 |       0 |   25463 |   0.0 |       0 |      52 |   0.0 |  1008
         Elf:2 |       0 |   48039 |   0.0 |       0 |      64 |   0.0 |  1222
         Elf:3 |       0 |   47164 |   0.0 |       0 |      45 |   0.0 |  1499
      Vaults:1 |       0 |   29779 |   0.0 |       0 |      47 |   0.0 |   606
      Vaults:2 |       0 |   35916 |   0.0 |       0 |      45 |   0.0 |   821
      Vaults:3 |       0 |   64973 |   0.0 |       0 |      80 |   0.0 |   881
      Vaults:4 |       0 |   86002 |   0.0 |       0 |     122 |   0.0 |  1078
      Vaults:5 |       0 |  192644 |   0.0 |       0 |     171 |   0.0 |  1444
       Crypt:1 |       0 |   30871 |   0.0 |       0 |      40 |   0.0 |   268
       Crypt:2 |       0 |   51142 |   0.0 |       0 |      52 |   0.0 |   174
       Crypt:3 |       0 |   57848 |   0.0 |       0 |      73 |   0.0 |   573
        Tomb:1 |       0 |  125903 |   0.0 |       0 |      65 |   0.0 |   550
        Tomb:2 |       0 |   71351 |   0.0 |       0 |      72 |   0.0 |   506
        Tomb:3 |       0 |  120379 |   0.0 |       0 |     102 |   0.0 |   286
      Depths:1 |       0 |   26806 |   0.0 |       0 |      40 |   0.0 |   572
      Depths:2 |       0 |   34537 |   0.0 |       0 |      46 |   0.0 |   643
      Depths:3 |       0 |   79018 |   0.0 |       0 |      79 |   0.0 |   905
      Depths:4 |       0 |  189045 |   0.0 |       0 |     125 |   0.0 |  1470
      Depths:5 |       0 |   80690 |   0.0 |       0 |      65 |   0.0 |  1019
          Hell |       0 |   68050 |   0.0 |       0 |      99 |   0.0 |   254
         Dis:2 |       0 |     310 |   0.0 |       0 |       1 |   0.0 |    15
         Dis:3 |       0 |    2160 |   0.0 |       0 |       8 |   0.0 |    44
         Dis:4 |       0 |     427 |   0.0 |       0 |       2 |   0.0 |    25
         Dis:6 |       0 |   33796 |   0.0 |       0 |      38 |   0.0 |   171
         Dis:7 |       0 |  108952 |   0.0 |       0 |      86 |   0.0 |   472
         Geh:1 |       0 |   21611 |   0.0 |       0 |      45 |   0.0 |    74
         Geh:2 |       0 |   18920 |   0.0 |       0 |      35 |   0.0 |    18
         Geh:3 |       0 |   26017 |   0.0 |       0 |      57 |   0.0 |    93
         Geh:4 |       0 |   15445 |   0.0 |       0 |      13 |   0.0 |    43
         Geh:5 |       0 |   24316 |   0.0 |       0 |      38 |   0.0 |    98
         Geh:7 |       0 |   47485 |   0.0 |       0 |      36 |   0.0 |   191
         Coc:1 |       0 |     654 |   0.0 |       0 |       4 |   0.0 |     9
         Coc:3 |       0 |    3319 |   0.0 |       0 |       8 |   0.0 |    35
         Coc:6 |       0 |    6992 |   0.0 |       0 |      18 |   0.0 |    57
         Coc:7 |       0 |  100120 |   0.0 |       0 |     107 |   0.0 |   428
         Tar:2 |       0 |    9412 |   0.0 |       0 |      22 |   0.0 |    62
         Tar:4 |       0 |    5323 |   0.0 |       0 |      10 |   0.0 |    51
         Tar:5 |       0 |    1045 |   0.0 |       0 |       3 |   0.0 |    36
         Tar:6 |       0 |   26058 |   0.0 |       0 |      26 |   0.0 |    72
         Tar:7 |       0 |  237605 |   0.0 |       0 |     197 |   0.0 |   771
         Zot:1 |       0 |   66318 |   0.0 |       0 |      42 |   0.0 |   747
         Zot:2 |       0 |   32709 |   0.0 |       0 |      27 |   0.0 |   442
         Zot:3 |       0 |   46755 |   0.0 |       0 |      24 |   0.0 |   490
         Zot:4 |       0 |   46658 |   0.0 |       0 |      21 |   0.0 |   573
         Zot:5 |       0 |  225586 |   0.0 |       0 |      79 |   0.0 |   519
       Abyss:1 |   41751 |   36145 |  53.6 |      62 |      53 |  53.9 |  1300
       Abyss:2 |     918 |       0 | 100.0 |       4 |       0 | 100.0 |   140
       Abyss:3 |    2327 |   17562 |  11.7 |       7 |      24 |  22.6 |   245
       Abyss:5 |   14845 |    6621 |  69.2 |      18 |       6 |  75.0 |    90
           Pan |   10339 |  357335 |   2.8 |      14 |     322 |   4.2 |  1754
         Zig:1 |       0 |    5854 |   0.0 |       0 |       5 |   0.0 |    55
         Zig:2 |       0 |    9533 |   0.0 |       0 |      12 |   0.0 |    60
         Zig:3 |       0 |   12506 |   0.0 |       0 |      19 |   0.0 |    84
         Zig:4 |       0 |   22061 |   0.0 |       0 |      18 |   0.0 |   126
         Zig:5 |       0 |   25620 |   0.0 |       0 |      34 |   0.0 |   145
         Zig:6 |       0 |   34971 |   0.0 |       0 |      30 |   0.0 |   124
         Zig:7 |       0 |   49260 |   0.0 |       0 |      32 |   0.0 |   110
         Zig:8 |       0 |   37332 |   0.0 |       0 |      46 |   0.0 |   188
         Zig:9 |       0 |   65621 |   0.0 |       0 |      66 |   0.0 |   218
        Zig:10 |       0 |   73305 |   0.0 |       0 |      49 |   0.0 |   201
        Zig:11 |       0 |   82963 |   0.0 |       0 |      86 |   0.0 |   195
        Zig:12 |       0 |   70489 |   0.0 |       0 |      71 |   0.0 |   142
        Zig:13 |       0 |  116516 |   0.0 |       0 |      69 |   0.0 |   221
        Zig:14 |       0 |  100090 |   0.0 |       0 |      96 |   0.0 |   221
        Zig:15 |       0 |   70340 |   0.0 |       0 |      99 |   0.0 |   154
        Zig:16 |       0 |  101245 |   0.0 |       0 |     123 |   0.0 |   275
        Zig:17 |       0 |  162391 |   0.0 |       0 |     121 |   0.0 |   224
        Zig:18 |       0 |  142438 |   0.0 |       0 |     147 |   0.0 |   244
        Zig:19 |       0 |  144997 |   0.0 |       0 |     155 |   0.0 |   255
        Zig:20 |       0 |  206304 |   0.0 |       0 |     159 |   0.0 |   288
        Zig:21 |       0 |  179506 |   0.0 |       0 |     196 |   0.0 |   270
        Zig:22 |       0 |  225321 |   0.0 |       0 |     247 |   0.0 |   266
        Zig:23 |       0 |  230973 |   0.0 |       0 |     210 |   0.0 |   189
        Zig:24 |       0 |  153921 |   0.0 |       0 |     156 |   0.0 |   315
        Zig:25 |       0 |  283286 |   0.0 |       0 |     142 |   0.0 |   158
        Zig:26 |       0 |  239426 |   0.0 |       0 |     178 |   0.0 |   243
        Zig:27 |       0 |  298035 |   0.0 |       0 |      83 |   0.0 |   327
       Ossuary |       0 |     247 |   0.0 |       0 |      16 |   0.0 |   279
         IceCv |       0 |    3338 |   0.0 |       0 |      23 |   0.0 |   373
               +---------+---------+-------+---------+---------+-------+---------
